 Dungeon Crawl Stone Soup version 0.25.1-9-gc5326a611f (webtiles) character file.

Game seed: 2554924454604050416

10043916 AlexTheUnready the Archmage (level 27, 199/199 HPs)
             Began as a Gargoyle Earth Elementalist on Apr 23, 2023.
             Was the Champion of Vehumet.
             Escaped with the Orb
             ... and 15 runes on Apr 29, 2023!
             The game lasted 08:58:11 (170752 turns).

AlexTheUnready the Archmage (GrEE)                Turns: 170752, Time: 08:58:12

Health: 199/199    AC: 54    Str: 16    XL:     27
Magic:  71/72      EV: 32    Int: 30    God:    Vehumet [******]
Gold:   18084      SH: 38    Dex: 16    Spells: 16/80 levels left

rFire    + + +     SeeInvis .   J - +3 Elemental Staff {rElec rF++ rC++ MR++ AC+5}
rCold    + + +     Gourm    .   C - +8 tower shield {AC+3}
rNeg     + + .     Faith    .   V - +3 leather armour {rF+}
rPois    ∞         Spirit   .   o - +2 helmet of Springtime {MP+9 Str-2 Dex+4}
rElec    +         Reflect  +   t - +2 cloak
rCorr    .         Harm     .   E - +2 pair of gloves
MR       +++++                  c - +1 pair of boots of the Eternal Void {Dex+2}
Stlth    +.........             u - amulet "Izobbicy" {Reflect rC+ rN+ Slay+2 SH+5}
HPRegen  0.43/turn              F - ring "Uxkuobb" {MP+9 Slay+3}
MPRegen  0.43/turn              x - ring of Light {rC+ MR+ AC+4 Str+3 Int+4}

@: flying
A: big wings, hooves 1, magic resistance 1, mutation resistance 1, negative
energy resistance 1, screaming 1, electricity resistance, unbreathing,
petrification resistance, rot immunity, AC +20
0: Orb of Zot
}: 15/15 runes: serpentine, barnacled, slimy, silver, golden, iron, obsidian,
icy, bone, abyssal, demonic, glowing, magical, fiery, dark
a: Stop Flying, Renounce Religion


You escaped.
You worshipped Vehumet.
Vehumet was exalted by your worship.
You were full.

You visited 18 branches of the dungeon, and saw 89 of its levels.
You visited Pandemonium 2 times, and saw 17 of its levels.
You visited the Abyss 8 times.
You visited 2 bazaars.
You also visited: Trove and Volcano.

You collected 25728 gold pieces.
You spent 7644 gold pieces at shops.

Inventory:

Hand Weapons
 y - the +4 mace of Defilement {vorpal, rF+ rN+ MR++ Str-5}
   (You bought it in a shop on level 2 of the Orcish Mines)

   It inflicts extra damage upon your enemies.
   It affects your strength (-5).
   It protects you from fire.
   It protects you from negative energy.
   It affects your resistance to hostile enchantments.
 B - the +9 bardiche of Midwinter {flame, rC+ Int+4}
   (You found it on level 7 of Tartarus)

   It has been specially enchanted to burn those struck by it, causing extra
   injury to most foes and up to half again as much damage against particularly
   susceptible opponents.
   Big, fiery blades are also staple armaments of hydra-hunters.
   It affects your intelligence (+4).
   It protects you from cold.
 D - the +5 scythe "Finisher" {speed, eviscerate}
   (You found it on level 7 of Tartarus)

   Attacks with this weapon are significantly faster.
 G - the +8 trident of the Octopus King {venom, rElec rPois MR+}
   (You found it on level 5 of the Pits of Slime)

   It poisons the flesh of those it strikes.
   It insulates you from electricity.
   It protects you from poison.
   It affects your resistance to hostile enchantments.
 H - the +9 dagger of the Vendetta {flame, rElec rN+ Int+4}
   (You found it in Pandemonium)

   It has been specially enchanted to burn those struck by it, causing extra
   injury to most foes and up to half again as much damage against particularly
   susceptible opponents.
   It affects your intelligence (+4).
   It insulates you from electricity.
   It protects you from negative energy.
 I - the +7 sceptre of Asmodeus
   (You took it off Asmodeus on level 7 of Gehenna)
 J - the +3 Elemental Staff (weapon) {rElec rF++ rC++ MR++ AC+5}
   (You found it on level 3 of the Tomb of the Ancients)

   It affects your AC (+5).
   It greatly protects you from fire.
   It greatly protects you from cold.
   It insulates you from electricity.
   It affects your resistance to hostile enchantments.
 K - the +7 great mace "Firestarter" {inner flame, rF++}
   (You found it on level 7 of Tartarus)

   It has been specially enchanted to burn those struck by it, causing extra
   injury to most foes and up to half again as much damage against particularly
   susceptible opponents.
   It greatly protects you from fire.
 L - the +4 staff of Dispater
   (You took it off Dispater on level 7 of the Iron City of Dis)
 O - the +8 hand axe of Lapry {vorpal, SInv}
   (You found it on level 3 of the Elven Halls)

   It inflicts extra damage upon your enemies.
   It lets you see invisible.
 Q - a +9 eudemon blade of holy wrath
 R - the +9 morningstar of Imminent Death {flame, rN+}
   (You found it on level 7 of Cocytus)

   It has been specially enchanted to burn those struck by it, causing extra
   injury to most foes and up to half again as much damage against particularly
   susceptible opponents.
   It protects you from negative energy.
Missiles
 b - 1987 stones (quivered)
Armour
 c - the +1 pair of boots of the Eternal Void (worn) {Dex+2}
   (You found it on level 5 of the Lair of Beasts)

   It affects your dexterity (+2).
 o - the +2 helmet of Springtime (worn) {MP+9 Str-2 Dex+4}
   (You took it off Robin on level 3 of the Dungeon)

   It affects your strength (-2).
   It affects your dexterity (+4).
   It affects your magic capacity (+9).
 p - the +4 skin of Zhor {Englaciate rC+++ SInv}
   (You found it on level 7 of Tartarus)

   It renders you almost immune to cold.
   It lets you see invisible.
 t - a +2 cloak (worn)
 C - a +8 tower shield of protection (worn)
 E - a +2 pair of gloves (worn)
 M - the +3 leather armour of Dithmenos's Pride {rC+ SInv}
   (You found it in Pandemonium)

   It protects you from cold.
   It lets you see invisible.
 N - the +1 robe of Grace {rF+ Slay+2}
   (You found it on level 2 of the Lair of Beasts)

   It affects your accuracy and damage with ranged weapons and melee attacks
   (+2).
   It protects you from fire.
 V - a +3 leather armour of fire resistance (worn)
 W - the +2 helmet "Voluekk" {SInv}
   (You found it on level 3 of the Elven Halls)

   It lets you see invisible.
 Y - +2 pearl dragon scales
Magical Staves
 z - an uncursed staff of energy
Jewellery
 u - the amulet "Izobbicy" (around neck) {Reflect rC+ rN+ Slay+2 SH+5}
   (You acquired it on level 2 of the Orcish Mines)

   [amulet of reflection]

   It shields you and reflects attacks.
   It affects your accuracy and damage with ranged weapons and melee attacks
   (+2).
   It protects you from cold.
   It protects you from negative energy.
   It affects your SH (+5).
 x - the ring of Light (right hand) {rC+ MR+ AC+4 Str+3 Int+4}
   (You bought it in a shop on level 4 of the Vaults)

   [ring of protection]

   It affects your AC (+4).
   It affects your strength (+3).
   It affects your intelligence (+4).
   It protects you from cold.
   It affects your resistance to hostile enchantments.
 F - the ring "Uxkuobb" (left hand) {MP+9 Slay+3}
   (You took it off a deep elf annihilator on level 3 of the Elven Halls)

   [ring of magical power]

   It affects your accuracy and damage with ranged weapons and melee attacks
   (+3).
   It affects your magic capacity (+9).
 T - the ring "Xyaceffu" {rElec Str+6 SInv}
   (You found it on level 7 of Cocytus)

   [ring of strength]

   It affects your strength (+6).
   It insulates you from electricity.
   It lets you see invisible.
 X - the amulet of Dahaph {rElec rF+ rC+ Regen+ Dex+5}
   (You found it in a treasure trove)

   [amulet of regeneration]

   It affects your dexterity (+5).
   It protects you from fire.
   It protects you from cold.
   It insulates you from electricity.
   It increases your rate of regeneration.
 Z - the ring of Naum Wuxzi {rC+ EV+4 Dex+6}
   (You found it in a treasure trove)

   [ring of evasion]

   It affects your evasion (+4).
   It affects your dexterity (+6).
   It protects you from cold.
Wands
 g - a wand of digging (14)
Scrolls
 a - 47 scrolls of remove curse
 f - 10 scrolls of identify
 i - 5 scrolls of fear
 k - 8 scrolls of fog
 m - 46 scrolls of teleportation
 n - 9 scrolls of magic mapping
 q - 3 scrolls of holy word
 A - 15 scrolls of blinking
Potions
 e - 7 potions of resistance
 j - 5 potions of magic
 l - 15 potions of heal wounds
 r - 39 potions of curing
 s - 14 potions of haste
 w - 15 potions of might
 P - a potion of mutation
 S - 5 potions of cancellation
 U - 6 potions of invisibility
Miscellaneous
 h - a figurine of a ziggurat
 v - the horn of Geryon
Comestibles
 d - 43 rations


   Skills:
 O Level 27 Fighting
 - Level 12.0 Long Blades
 + Level 9.0 Staves
 + Level 15.5 Armour
 O Level 27 Dodging
 - Level 2.1 Stealth
 O Level 27 Shields
 O Level 27 Spellcasting
 + Level 20.8 Conjurations
 + Level 1.2 Hexes
 + Level 1.8 Charms
   Level 0.7 Transmutations
 O Level 27 Fire Magic
 O Level 27 Ice Magic
 O Level 27 Earth Magic


You had 16 spell levels left.
You knew the following spells:

 Your Spells              Type           Power        Failure   Level  Hunger
a - Sandblast             Erth           ######       0%          1    None
b - Stone Arrow           Conj/Erth      ######       0%          3    None
c - Lee's Rapid Deconstr  Erth           ########..   0%          5    None
d - Ozocubu's Refrigerat  Ice            ########..   0%          6    None
e - Iron Shot             Conj/Erth      ########..   0%          6    None
f - Frozen Ramparts       Ice            ######       0%          3    None
g - Absolute Zero         Ice            ########..   1%          9    ####...
h - Shatter               Erth           ########..   1%          9    ####...
i - Ignition              Fire           ########..   1%          8    ##.....
j - Spectral Weapon       Hex/Chrm       #####...     1%          3    None
k - Bolt of Magma         Conj/Fire/Erth #########.   0%          5    None
l - Starburst             Conj/Fire      ########..   0%          6    None

Your spell library contained the following spells:

 Spells                   Type           Power        Failure   Level  Hunger
 Tornado                  Air            ######....   100%        9    ####...
 Foxfire                  Conj/Fire      ####         0%          1    None
 Freeze                   Ice            ####         0%          1    None
 Magic Dart               Conj           ####         0%          1    None
 Shock                    Conj/Air       ####         0%          1    None
 Ensorcelled Hibernation  Hex/Ice        ######       0%          2    None
 Passwall                 Tmut/Erth      ########     0%          2    None
 Searing Ray              Conj           ######       0%          2    None
 Conjure Flame            Conj/Fire      ########     0%          3    None
 Dazzling Flash           Conj/Hex       ######       0%          3    None
 Inner Flame              Hex/Fire       ########     0%          3    None
 Ozocubu's Armour         Chrm/Ice       ########     0%          3    None
 Hailstorm                Conj/Ice       ########     0%          4    None
 Sticky Flame             Conj/Fire      ########     0%          4    None
 Fireball                 Conj/Fire      ########..   0%          5    None
 Animate Skeleton         Necr           N/A          1%          1    None
 Apportation              Tloc           #####.       1%          1    None
 Beastly Appendage        Tmut           #####.       1%          1    None
 Corona                   Hex            #####..      1%          1    None
 Infusion                 Chrm           ####         1%          1    None
 Pain                     Necr           ####         1%          1    None
 Sting                    Tmut/Pois      ####         1%          1    None
 Summon Butterflies       Summ           #####...     1%          1    None
 Summon Small Mammal      Summ           ####         1%          1    None
 Blink                    Tloc           N/A          1%          2    None
 Call Imp                 Summ           #####...     1%          2    None
 Corpse Rot               Necr/Air       N/A          1%          2    None
 Poisonous Vapours        Pois/Air       ######       1%          2    None
 Shroud of Golubria       Chrm/Tloc      #####.       1%          2    None
 Slow                     Hex            #####...     1%          2    None
 Song of Slaying          Chrm           ######..     1%          2    None
 Sticks to Snakes         Tmut           #####...     1%          2    None
 Swiftness                Chrm/Air       ######..     1%          2    None
 Call Canine Familiar     Summ           #####...     1%          3    None
 Confusing Touch          Hex            #####...     1%          3    None
 Gell's Gravitas          Tloc           #####.....   1%          3    None
 Ignite Poison            Fire/Tmut/Pois #######.     1%          3    None
 Lesser Beckoning         Tloc           #####.....   1%          3    None
 Mephitic Cloud           Conj/Pois/Air  #######.     1%          3    None
 Portal Projectile        Hex/Tloc       #####.       1%          3    None
 Recall                   Summ/Tloc      N/A          1%          3    None
 Spider Form              Tmut/Pois      #####.....   1%          3    None
 Static Discharge         Conj/Air       ########     1%          3    None
 Summon Guardian Golem    Hex/Summ       #####...     1%          3    None
 Teleport Other           Tloc           #####...     1%          3    None
 Tukima's Dance           Hex            #####...     1%          3    None
 Vampiric Draining        Necr           #####.....   1%          3    None
 Airstrike                Air            ######....   1%          4    None
 Fulminant Prism          Conj/Hex       #######...   1%          4    None
 Ice Form                 Ice/Tmut       ########     1%          4    None
 Iskenderun's Mystic Bla  Conj/Tloc      #######.     1%          4    None
 Leda's Liquefaction      Hex/Erth       ########..   1%          4    None
 Olgreb's Toxic Radiance  Pois           #####...     1%          4    None
 Petrify                  Tmut/Erth      ########     1%          4    None
 Summon Ice Beast         Ice/Summ       ########     1%          4    None
 Borgnjor's Vile Clutch   Necr/Erth      ########..   1%          5    None
 Irradiate                Conj/Tmut      #######...   1%          5    None
 Iskenderun's Battlesphe  Conj/Chrm      #######.     1%          5    None
 Lightning Bolt           Conj/Air       ########..   1%          5    None
 Metabolic Englaciation   Hex/Ice        ########..   1%          5    None
 Freezing Cloud           Conj/Ice/Air   ########..   1%          6    None
 Simulacrum               Ice/Necr       ########..   1%          6    None
 Ring of Flames           Chrm/Fire      ########..   1%          7    None
 Spellforged Servitor     Conj/Summ      #######...   2%          7    None
 Yara's Violent Unravell  Hex/Tmut       #####.....   3%          5    None
 Cause Fear               Hex            #####.....   4%          4    None
 Animate Dead             Necr           N/A          7%          4    None
 Dispel Undead            Necr           #####...     7%          4    None
 Summon Lightning Spire   Summ/Air       ######..     7%          4    None
 Excruciating Wounds      Chrm/Necr      #####.....   13%         5    None
 Blade Hands              Tmut           #####.....   14%         5    None
 Silence                  Hex/Air        ######....   16%         5    None
 Summon Mana Viper        Hex/Summ       #####...     16%         5    None
 Alistair's Intoxication  Tmut/Pois      #####...     17%         5    None
 Agony                    Necr           #####...     19%         5    None
 Aura of Abjuration       Summ           #####.....   19%         5    None
 Summon Demon             Summ           #####.....   19%         5    None
 Summon Forest            Summ/Tloc      #####.....   19%         5    None
 Darkness                 Hex            #####.....   54%         6    None
 Invisibility             Hex            #####...     54%         6    None
 Hydra Form               Tmut           #####.....   63%         6    None
 Eringya's Noxious Bog    Tmut/Pois      #####.....   67%         6    None
 Death Channel            Necr           #####.....   71%         6    None
 Dispersal                Tloc           #####.....   71%         6    None
 Shadow Creatures         Summ           N/A          71%         6    None
 Dragon Form              Tmut           #####.....   99%         7    None
 Haunt                    Necr/Summ      #####.....   99%         7    None
 Malign Gateway           Summ/Tloc      #####.....   99%         7    None
 Summon Hydra             Summ           #####.....   99%         7    None
 Borgnjor's Revivificati  Necr           #####.....   100%        8    ##.....
 Controlled Blink         Tloc           N/A          100%        8    ##.....
 Death's Door             Chrm/Necr      #####.....   100%        8    ##.....
 Discord                  Hex            #####.....   100%        8    ##.....
 Disjunction              Tloc           #####.....   100%        8    ##.....
 Infestation              Necr           #####.....   100%        8    ##.....
 Necromutation            Tmut/Necr      #####.....   100%        8    ##.....
 Dragon's Call            Summ           #####.....   100%        9    ####...
 Sublimation of Blood     Necr           Unusable     N/A         2    N/A
 Statue Form              Tmut/Erth      Unusable     N/A         6    N/A
 Passage of Golubria      Tloc           Unusable     N/A         4    N/A

Dungeon Overview and Level Annotations

Branches:
Dungeon (15/15)            Temple (1/1) D:7            Lair (6/6) D:10
 Shoals (4/4) Lair:4        Snake (4/4) Lair:3        Slime (5/5) Lair:6
    Orc (2/2) D:12            Elf (3/3) Orc:2        Vaults (5/5) D:13
  Crypt (3/3) Vaults:2       Tomb (3/3) Crypt:3      Depths (5/5) D:15
   Hell (visited)             Dis (7/7) Hell            Geh (7/7) Hell
    Coc (7/7) Hell            Tar (7/7) Hell            Zot (5/5) Depths:5
Volcano (visited)

Altars:
Ashenzari
Cheibriados
Dithmenos
Fedhas
Hepliaklqana
Kikubaaqudgha
Nemelex Xobeh
Qazlal
Ru
Sif Muna
Uskayaw
Vehumet
Xom
Yredelemnul
Zin
The Shining One
Beogh
Jiyva

Shops:
D:4 :   Orc:1 (   Orc:2 *[*(}(?   Shoals:1 [   Vaults:4 =   Vaults:5 [

Portals:
Hell: Depths:1 Depths:2 Depths:3 Depths:4 Depths:5
Abyss: D:13 Depths:2 Depths:4
Pandemonium: Depths:2 Depths:3
Ziggurat: Depths:1

Annotations:
D:8 1 transporter


Innate Abilities, Weirdness & Mutations

You are resistant to torment.
Your stone body is resilient. (AC +20)
You are immune to poison.
Your large and strong wings let you fly indefinitely.
You resist negative energy. (rN+)
You are resistant to electric shocks. (rElec)
You can survive without breathing.
You are immune to petrification.
You are immune to rotting.
You have large cloven feet.
You are resistant to hostile enchantments. (MR+)
You are somewhat resistant to further mutation.
You occasionally shout uncontrollably at your foes.


Message History

You see here a club.
There is a stone staircase leading up here.
You fly upwards.
There is a stone staircase leading down here.
You eat one of the 45 rations.
That ration really hit the spot!
You eat one of the 44 rations.
That ration really hit the spot!
An Orb Guardian comes into view.
Casting: Absolute Zero (mildly dangerous; 1% risk of failure)
Confirm with . or Enter, or press ? or * to list all spells.
You feel a surge of power!
You chill the Orb Guardian to absolute zero!
The Orb Guardian is frozen into a solid block of ice!
You kill the Orb Guardian!
Vehumet accepts your kill.
You feel your power returning.
Your Staves skill increases to level 9!
There is a large open door here.
There is a large open door here.
There is a staircase leading out of the dungeon here.
You have escaped!

#.#.# #.# #.#######.###
#(#.# #.#########....)....#
..#.# #.............#######
###.#######.###########.#
.........)..# #.# ######
......#####.# ### #.....
............#
##############.####
......##.####
#...'..........# ......##.#
#.@.############
......##.######...##########
.......8.....###'###.......#
#####.##.#######'###.......#
#.##.# ##......#.⌠.8.⌠.#
#.##.###....>..'.......#
#.#............#.......#
#.##.############'###'##
#.#### ### #.....#######


There were no monsters in sight!

Vanquished Creatures
  Cerebov (Pan)
  Antaeus (Coc:7)
  Asmodeus (Geh:7)
  the Royal Jelly (Slime:5)
  Gloorx Vloq (Pan)
  Ereshkigal (Tar:7)
  Mnoleg (Pan)
  the Serpent of Hell (Tar:7)
  Lom Lobon (Pan)
  2 seraphim
  Dispater (Dis:7)
  Khufu (Tomb:3)
  Mennas (Vaults:3)
  5 orbs of fire
  Mara (Vaults:2)
  5 ancient liches
  A juggernaut (Abyss:4)
  Bai Suzhen (Vaults:4)
  5 Killer Klowns (Zot:5)
  Boris (thrice) (Crypt:3 Depths:1 Depths:5)
  27 greater mummies
  Sojobo (Depths:1)
  The ghost of corvin the Brawler, a veteran TrBe of Trog (Vaults:4)
  Saint Roka (Vaults:2)
  14 shard shrikes
  Xtahua (Vaults:2)
  Vashnia (Snake:4)
  Geryon (Hell)
  8 golden dragons
  2 pearl dragons (Pan)
  2 profane servitors
  Nikola (Shoals:2)
  37 Tzitzimimeh
  22 bone dragons
  16 doom hounds
  3 hellephants
  38 Brimstone Fiends
  6 iron giants (Dis:7)
  2 electric golems
  Rupert (Orc:2)
  20 liches
  25 tentacled monstrosities
  14 Hell Sentinels
  27 Ice Fiends
  5 titans
  25 Orb Guardians
  7 quicksilver dragons
  3 deep elf blademasters
  An eldritch tentacle (Abyss:1)
  The ghost of Thomus the Eclecticist, an adept DECj of Vehumet (Shoals:4)
  2 deep elf master archers (Elf:3)
  2 krakens (Shoals:2)
  35 Executioners
  14 death cobs
  23 ancient champions
  36 tentacled starspawn
  9 acid blobs
  Kirke (D:12)
  9 sphinxes
  Polyphemus (Shoals:2)
  6 tengu reavers
  16 storm dragons
  11 pandemonium lords (Pan)
  20 shadow dragons
  28 daevas
  9 azure jellies
  21 nagarajas
  The ghost of AlexTheUnready the Tortoise, a journeyman MiBe of Trog (Shoals:3)
  4 draconian monks
  7 iron dragons
  3 revenants
  Ilsuiw (Shoals:2)
  Aizul (Vaults:2)
  The ghost of Thomus the Severer, a journeyman HOFi of Okawaru (D:13)
  13 deep elf sorcerers
  An orc warlord (Vaults:5)
  7 frost giants
  7 corrupters (Pan)
  17 draconian scorchers
  2 draconian stormcallers (Zot:4)
  Louise (D:14)
  12 fire giants
  16 vault wardens
  44 balrugs
  12 warmongers (Pan)
  2 curse skulls
  6 draconian knights
  4 draconian annihilators
  35 angels
  A deep elf elementalist (Vaults:4)
  13 ghouls
  62 cacodemons
  4 draconian shifters
  10 war gargoyles
  56 very ugly things
  44 apis (Pan)
  81 reapers
  12 ironheart preservers
  A stone giant (shapeshifter) (Depths:5)
  An entropy weaver (Vaults:5)
  15 blood saints
  22 ophanim
  7 elemental wellsprings
  8 bennus (Tomb:3)
  13 vampire knights
  Azrael (Orc:2)
  13 black draconians
  12 green draconians
  5 deep elf demonologists
  23 lorocyprocas
  24 stone giants
  A dire elephant (Abyss:1)
  6 black suns (Pan)
  10 white draconians
  13 deep elf annihilators
  10 purple draconians
  Nessos (D:14)
  7 yellow draconians
  7 red draconians
  4 eidola
  16 ettins
  16 mummy priests
  2 crystal guardians (Crypt:3)
  41 blizzard demons
  5 merfolk javelineers
  Josephine (D:14)
  10 deep elf death magi
  4 death oozes (Slime:5)
  14 merfolk impalers
  14 green deaths
  10 fire dragons
  20 great orbs of eyes
  6 quicksilver dragon zombies
  12 jiangshi
  5 quicksilver dragon skeletons
  5 deep elf high priests
  Erolcha (D:11)
  25 yaktaur captains
  A kraken zombie (Coc:7)
  Harold (D:11)
  31 ice dragons
  2 spriggan air magi
  29 vault guards
  9 hell beasts
  12 naga warriors
  20 rakshasas
  2 merfolk avatars (Shoals:4)
  10 monstrous demonspawn (Pan)
  An anaconda (shapeshifter) (Depths:3)
  2 spectral frost giants (Vaults:4)
  2 catoblepae
  11 anacondas
  3 death knights
  12 hydras
  A spectral fire giant (Vaults:4)
  14 centaur warriors
  17 ogre magi
  7 merfolk aquamancers
  42 two-headed ogres
  8 deep troll shamans
  4 satyrs
  5 deep troll earth magi
  Urug (D:12)
  44 hell hogs
  52 dancing weapons
  15 vampire magi
  2 spriggan berserkers
  16 tengu warriors
  9 titan zombies
  83 death scarabs
  32 thrashing horrors
  10 death yaks
  The ghost of Thomus the Destroyer, a journeyman DECj of Vehumet (D:8)
  8 shock serpents
  5 orc high priests (Orc:2)
  Nergalle (D:11)
  15 naga sharpshooters
  9 iron golems (Dis:2)
  87 soul eaters
  86 hell knights
  10 storm dragon zombies
  26 deep elf knights
  114 sun demons
  A spectral human (Vaults:4)
  11 titan skeletons
  20 iron trolls
  A fire crab (shapeshifter) (Abyss:3)
  52 sixfirhies
  29 wretched stars
  6 spatial maelstroms
  A spectral anaconda (Depths:4)
  112 skeletal warriors
  A spectral minotaur (Depths:4)
  9 shadow wraiths
  13 anaconda zombies
  7 storm dragon skeletons
  4 death drakes
  9 golden dragon zombies
  5 salamander mystics
  30 sea snakes
  24 cherubim
  6 naga ritualists
  10 gelid demonspawn
  60 starcursed masses
  A kraken simulacrum (Shoals:4)
  8 unseen horrors
  48 shadow demons
  A ghost moth zombie (Dis:7)
  24 deep trolls
  19 glowing orange brains
  16 torturous demonspawn (Pan)
  5 golden dragon skeletons
  7 shadow dragon zombies
  16 phantasmal warriors
  A swamp dragon (shapeshifter) (Abyss:2)
  17 orc knights
  An obsidian statue (Depths:3)
  2 orange crystal statues (Depths:4)
  7 infernal demonspawn (Pan)
  6 wolf spider zombies
  15 flayed ghosts
  17 wizards
  8 anaconda skeletons
  30 harpies
  An orb spider (Abyss:4)
  24 ironbrand convokers
  12 mana vipers
  19 deep elf archers
  5 wolf spiders
  28 necromancers
  7 oklob plants
  An orb spider (shapeshifter) (Vaults:1)
  61 deep elf magi
  4 shining eyes
  12 manticores
  4 orc sorcerers
  8 iron dragon zombies
  A spectral ettin (Vaults:4)
  13 fire giant zombies
  11 fauns
  11 cyclopes
  50 ugly things
  14 stone giant zombies
  A faun (shapeshifter) (Vaults:5)
  25 moths of wrath
  10 frost giant zombies
  7 worldbinders
  7 salamanders
  5 shadow dragon skeletons
  A moth of wrath (shapeshifter) (Vaults:5)
  4 ice statues
  10 elephants
  43 black mambas
  4 iron dragon skeletons
  8 dire elephant zombies
  5 frost giant skeletons
  7 apocalypse crabs
  6 stone giant skeletons
  4 eyes of devastation
  2 black mambas (shapeshifter)
  Joseph (D:8)
  12 merfolk sirens
  2 guardian serpents (shapeshifter)
  10 molten gargoyles
  2 shock serpent zombies
  A water nymph (shapeshifter) (Vaults:5)
  42 rust devils
  18 vault sentinels
  2 elephants (shapeshifter)
  75 orange demons
  A gargoyle (D:12)
  12 fire giant skeletons
  104 smoke demons
  20 naga magi
  A storm dragon simulacrum (Coc:7)
  5 water nymphs
  10 guardian serpents
  A catoblepas zombie (Dis:7)
  17 spiny frogs
  20 efreet
  3 dire elephant skeletons
  36 freezing wraiths
  3 shock serpent skeletons
  73 hellions
  3 rime drakes
  8 komodo dragons
  2 yaktaurs (shapeshifter)
  4 anaconda simulacra
  A minotaur zombie (Dis:7)
  2 rime drakes (shapeshifter)
  3 spectral merfolk (Depths:4)
  38 hellwings
  27 demonic crawlers
  A swamp worm zombie (Crypt:1)
  2 kobold demonologists (D:15)
  44 yaktaurs
  5 emperor scorpion zombies
  66 tormentors
  A shadow dragon simulacrum (Coc:7)
  53 ice devils
  6 tengu conjurers
  2 harpy zombies
  2 yellow draconian skeletons
  2 human skeletons
  61 red devils
  46 merfolk
  2 catoblepas skeletons
  A spectral glowing shapeshifter (Vaults:4)
  A queen bee (Lair:6)
  A troll (shapeshifter) (Vaults:2)
  27 ancient zymes
  3 silent spectres
  9 trolls
  39 guardian mummies
  A sphinx simulacrum (Vaults:4)
  3 meliai (Lair:6)
  11 ettin zombies
  6 wind drakes
  3 hornets
  19 hydra zombies
  Prince Ribbit (D:8)
  16 blink frogs
  6 bog bodies (Coc:7)
  3 harpy skeletons
  47 raiju
  4 ice dragon zombies
  7 alligator zombies
  110 slime creatures
  15 hippogriffs
  A raiju (shapeshifter) (Depths:3)
  2 frost giant simulacra
  10 dream sheep
  6 hydra skeletons
  3 fire giant simulacra
  A satyr zombie (Crypt:2)
  9 snapping turtles
  7 fire dragon zombies
  6 ettin skeletons
  138 flying skulls
  66 shadows
  5 redbacks
  Sigmund (D:6)
  5 air elementals
  2 black mamba zombies
  3 fire dragon skeletons
  A satyr skeleton (Crypt:2)
  An elf simulacrum (Vaults:4)
  A tarantella (Vaults:5)
  8 wyverns
  5 ushabtiu
  3 black mamba skeletons
  7 vampires
  76 ynoxinuls
  5 alligator skeletons
  A human (shapeshifter) (Depths:3)
  40 yaks
  A spriggan (shapeshifter) (Vaults:5)
  6 basilisks
  36 fire elementals
  5 hogs (D:12)
  20 water elementals
  52 wraiths
  3 steam dragons (Volcano)
  A fire bat (shapeshifter) (Vaults:5)
  7 ice dragon skeletons
  12 fire bats
  A human (Vaults:3)
  4 vampire mosquitoes (D:14)
  188 large abominations
  A catoblepas simulacrum (Coc:7)
  Grum (D:11)
  10 hungry ghosts
  58 chaos spawn
  16 golden eyes
  69 neqoxecs
  2 harpy simulacra
  12 wargs
  A swamp worm (shapeshifter) (Vaults:5)
  A merfolk zombie (Dis:2)
  62 nagas
  15 spatial vortices
  6 hydra simulacra
  4 insubstantial wisps (Abyss:1)
  A yaktaur simulacrum (Vaults:3)
  51 small abominations
  4 porcupines
  2 soldier ants
  An acid dragon (Vaults:1)
  11 spiny frog zombies
  2 spectral spriggans (Depths:4)
  Duvessa (D:7)
  3 floating eyes (shapeshifter)
  99 hell hounds
  3 spectral trolls (Depths:4)
  25 water moccasins
  2 floating eyes
  An eye of draining (shapeshifter) (Vaults:1)
  37 orc warriors
  4 sky beasts
  17 ice beasts
  4 black bears
  27 wolves
  An alligator simulacrum (Coc:3)
  2 elephant zombies (Lair:3)
  3 spiny frog skeletons
  5 swamp dragon zombies
  9 eyes of draining
  30 necrophages
  3 manticore zombies
  10 snapping turtle zombies
  25 ogres
  8 phantoms
  3 boggarts
  A tengu (shapeshifter) (Depths:2)
  31 centaurs
  3 elf zombies
  A swamp dragon skeleton (Geh:6)
  6 crocodiles
  3 manticore skeletons
  10 snapping turtle skeletons
  A big kobold (shapeshifter) (Depths:1)
  2 big kobolds (D:15)
  16 bullfrogs
  8 earth elementals
  3 human simulacra
  2 glowing shapeshifter simulacra (Vaults:4)
  A merfolk simulacrum (Depths:4)
  A water moccasin zombie (D:9)
  Dowan (D:7)
  2 elf skeletons
  A spiny frog simulacrum (Abyss:3)
  A wyvern skeleton (D:11)
  A scorpion (shapeshifter) (Abyss:4)
  3 scorpions
  A yak zombie (Crypt:1)
  3 spectral nagas (Depths:4)
  A spriggan zombie (Geh:1)
  A water moccasin skeleton (Crypt:2)
  2 troll zombies
  31 killer bees
  12 electric eels
  81 wights
  A spriggan skeleton (Crypt:1)
  A howler monkey (D:10)
  2 troll skeletons
  3 spectral centaurs (Depths:4)
  36 crimson imps
  5 quasits
  3 centaur zombies
  A basilisk zombie (Lair:3)
  2 bullfrog skeletons
  5 hounds
  45 iron imps
  4 jellies
  23 orc wizards
  A bullfrog zombie (D:7)
  A gnoll shaman (Orc:1)
  41 orc priests
  A human zombie (Dis:7)
  7 centaur skeletons
  6 iguanas
  7 hell rats (Lair:4)
  2 soldier ant zombies (Crypt:2)
  Ijyb (D:3)
  A troll simulacrum (Depths:4)
  7 worker ants
  A spriggan simulacrum (Depths:4)
  A crocodile zombie (Lair:3)
  3 ogre zombies
  A demigod skeleton (Crypt:2)
  2 tengu skeletons
  A naga skeleton (Crypt:1)
  A hound zombie (D:6)
  2 hound skeletons
  35 mummies
  A worker ant zombie (D:10)
  Robin (D:3)
  2 howler monkey zombies
  A howler monkey skeleton (D:11)
  16 adders
  3 gnolls (Orc:2)
  24 shadow imps
  33 white imps
  5 ufetubi
  An adder zombie (D:7)
  4 adder skeletons
  3 worms
  2 dart slugs
  5 leopard geckos
  106 orcs
  3 bats (D:3)
  3 giant cockroaches
  16 goblins
  8 hobgoblins
  13 jackals
  4 quokkas
  A river rat zombie (Crypt:1)
  4 ball pythons
  5 frilled lizards
  A frilled lizard skeleton (Crypt:2)
  6 kobolds
  A kobold skeleton (Geh:6)
  A kobold zombie (Crypt:3)
  2 leopard gecko zombies (D:8)
  An orc zombie (Abyss:4)
  A quokka zombie (D:7)
  8 rats
  35 blocks of ice
  12 bushes
  2 butterflies (Lair:5)
  2 crawling corpses (Elf:2)
  3 fire vortices (Pan)
  13 fungi
  10 lurking horrors
  2 orbs of destruction
  120 plants
  39 starspawn tentacles
  10 tentacles
7051 creatures vanquished.

Vanquished Creatures (collateral kills)
  A death ooze (Slime:5)
1 creature vanquished.

Vanquished Creatures (others)
  A tentacled starspawn (Abyss:4)
  3 hell hogs
  A storm dragon zombie (Dis:7)
  An ugly thing (D:13)
  A large abomination (Abyss:3)
  A shadow (Geh:3)
  A wraith (Geh:1)
  A ynoxinul (Abyss:3)
  2 chaos spawn
  A hell hound (Geh:5)
  An orc warrior (Vaults:5)
  A small abomination (Abyss:4)
  A bullfrog skeleton (D:12)
  An iron imp (Dis:7)
  An adder (D:12)
  1399 blocks of ice
  26 bushes
  6 demonic plants
  11 fungi
  2 lurking horrors
  29 plants
  15 spectral weapons
  64 starspawn tentacles
  12 tentacles
1582 creatures vanquished.

Grand Total: 8634 creatures vanquished

Notes
Turn   | Place    | Note
-------+----------+-------------------------------------------
     0 | D:1      | AlexTheUnready the Gargoyle Earth Elementalist began the
                  | quest for the Orb.
     0 | D:1      | Reached XP level 1. HP: 10/10 MP: 3/3
   192 | D:1      | Reached XP level 2. HP: 15/15 MP: 3/5
   784 | D:1      | Reached XP level 3. HP: 19/19 MP: 6/6
   789 | D:1      | Learned a level 3 spell: Stone Arrow
  2122 | D:3      | Identified the +2 helmet of Springtime {MP+9 Str-2 Dex+4}
  2122 | D:3      | Noticed Robin
  2146 | D:3      | Killed Robin
  2146 | D:3      | Reached XP level 4. HP: 23/24 MP: 0/7
  2198 | D:3      | Reached skill level 5 in Earth Magic
  2359 | D:3      | Noticed Ijyb
  2467 | D:3      | Killed Ijyb
  2972 | D:3      | Reached XP level 5. HP: 26/28 MP: 7/9
  3429 | D:3      | Learned a level 5 spell: Lee's Rapid Deconstruction
  3512 | D:4      | Found Wywk's Book Emporium.
  3744 | D:4      | Reached XP level 6. HP: 33/33 MP: 11/11
  3756 | D:4      | Reached skill level 1 in Fighting
  4088 | D:4      | Reached XP level 7. HP: 38/38 MP: 13/13
  4292 | D:4      | Reached skill level 1 in Conjurations
  4939 | D:5      | Entered Level 5 of the Dungeon
  4941 | D:5      | Reached skill level 1 in Shields
  5007 | D:5      | Reached skill level 5 in Spellcasting
  5155 | D:5      | Reached XP level 8. HP: 43/43 MP: 15/15
  5377 | D:5      | Found a shadowy altar of Dithmenos.
  5648 | D:6      | Found a shattered altar of Ashenzari.
  5771 | D:6      | Noticed Sigmund
  5776 | D:6      | Killed Sigmund
  5787 | D:6      | Got a steaming helmet
  5798 | D:6      | Identified the +0 helmet "Bailem" {Str+3} (You found it on
                  | level 6 of the Dungeon)
  6888 | D:7      | Found a staircase to the Ecumenical Temple.
  6911 | Temple   | Entered the Ecumenical Temple
  6937 | Temple   | Became a worshipper of Vehumet
  7064 | D:7      | Reached XP level 9. HP: 30/48 MP: 14/18
  7239 | D:7      | Noticed Dowan
  7393 | D:7      | Noticed Duvessa
  7400 | D:7      | Killed Duvessa
  7418 | D:7      | Killed Dowan
  8487 | D:8      | Noticed Prince Ribbit
  8492 | D:8      | Killed Prince Ribbit
  8492 | D:8      | Reached * piety under Vehumet
  8492 | D:8      | Offered knowledge of Foxfire by Vehumet.
  8567 | D:8      | Noticed Joseph
  8576 | D:8      | Reached skill level 10 in Earth Magic
  8587 | D:8      | Killed Joseph
  8587 | D:8      | Reached skill level 5 in Conjurations
  8587 | D:8      | Reached XP level 10. HP: 39/53 MP: 7/21
  8927 | D:8      | Noticed an eight-headed hydra
  8928 | D:8      | Noticed a moth of wrath
  8935 | D:8      | Found a transporter.
  8936 | D:8      | Noticed Thomus's ghost (journeyman DECj)
  8948 | D:8      | Found a transporter.
  9933 | D:9      | Reached ** piety under Vehumet
  9933 | D:9      | Offered knowledge of Freeze by Vehumet.
 10473 | D:9      | Identified the Compendium of Dislocated Clay
 10586 | D:9      | Identified 3 scrolls of acquirement
 10590 | D:9      | Acquired 3680 gold pieces
 10750 | D:4      | Bought the Almanac of the Blistering Frostbite for 824 gold
                  | pieces
 10757 | D:4      | Learned a level 6 spell: Ozocubu's Refrigeration
 10757 | D:4      | Bought a book of Air for 420 gold pieces
 10757 | D:4      | Bought a book of Clouds for 540 gold pieces
 10757 | D:4      | Bought a book of Conjurations for 360 gold pieces
 10757 | D:4      | Bought a book of Minor Magic for 240 gold pieces
 10764 | D:4      | Learned a level 6 spell: Iron Shot
 10764 | D:4      | Bought a book of Battle for 480 gold pieces
 10764 | D:4      | Acquired an uncursed staff of energy
 10766 | D:4      | Acquired 1070 gold pieces
 10872 | D:10     | Entered Level 10 of the Dungeon
 10888 | D:9      | Reached skill level 1 in Ice Magic
 10995 | D:9      | Reached XP level 11. HP: 52/57 MP: 22/24
 11308 | D:10     | Noticed an oklob plant
 11316 | D:10     | Offered knowledge of Frozen Ramparts by Vehumet.
 11321 | D:10     | Learned a level 3 spell: Frozen Ramparts
 11702 | D:10     | Found a staircase to the Lair.
 11738 | D:10     | Killed an oklob plant
 11860 | D:11     | Noticed Harold
 11865 | D:11     | Killed Harold
 11946 | D:11     | Reached *** piety under Vehumet
 12056 | D:11     | Noticed a cyclops
 12059 | D:11     | Killed a cyclops
 12141 | D:11     | Found a shimmering altar of Xom.
 12323 | D:11     | Noticed Nergalle
 12337 | D:11     | Killed Nergalle
 12418 | D:11     | Found a frozen archway.
 12438 | D:11     | Offered knowledge of Ignite Poison by Vehumet.
 12457 | D:11     | Reached skill level 10 in Spellcasting
 12851 | D:11     | Noticed Erolcha
 12858 | D:11     | Killed Erolcha
 12954 | D:11     | Noticed Grum
 12960 | D:11     | Killed Grum
 13414 | Lair:1   | Entered Level 1 of the Lair of Beasts
 13414 | Lair:1   | Noticed a five-headed hydra
 14067 | D:10     | Killed a five-headed hydra
 14067 | D:10     | Reached XP level 12. HP: 64/64 MP: 21/26
 14187 | Lair:1   | Reached skill level 5 in Ice Magic
 14384 | Lair:1   | Noticed a six-headed hydra
 14406 | Lair:1   | Killed a six-headed hydra
 14406 | Lair:1   | Reached skill level 5 in Dodging
 15371 | Lair:2   | Reached **** piety under Vehumet
 15446 | Lair:2   | Noticed an eight-headed hydra
 15593 | Lair:2   | Killed an eight-headed hydra
 15593 | Lair:2   | Offered knowledge of Iskenderun's Battlesphere by Vehumet.
 16307 | Lair:2   | Got a wizard robe
 16318 | Lair:2   | Identified the +1 robe of Grace {rF+ Slay+2} (You found it
                  | on level 2 of the Lair of Beasts)
 16581 | Lair:3   | Reached XP level 13. HP: 60/68 MP: 18/28
 16688 | Lair:3   | Found a staircase to the Snake Pit.
 17698 | Lair:3   | Reached ***** piety under Vehumet
 17702 | Lair:3   | Offered knowledge of Bolt of Magma by Vehumet.
 17963 | Lair:4   | Got a smelly leather armour
 19631 | Lair:4   | Found a staircase to the Shoals.
 19867 | Lair:4   | Identified the +2 leather armour "Epta" {Harm rN+ Str-4
                  | Int+2} (You found it on level 4 of the Lair of Beasts)
 19896 | Lair:5   | Got a pair of shimmering boots
 19903 | Lair:5   | Identified the +1 pair of boots of the Eternal Void {Dex+2}
                  | (You found it on level 5 of the Lair of Beasts)
 19986 | Lair:5   | Gained mutation: Your large and strong wings let you fly
                  | indefinitely. [Gargoyle growth]
 19986 | Lair:5   | Reached XP level 14. HP: 74/74 MP: 30/30
 20170 | Lair:5   | Identified the Collected Works on the Voyage and Shape
                  | Shifting
 20372 | Lair:5   | Offered knowledge of Olgreb's Toxic Radiance by Vehumet.
 20388 | Lair:5   | Identified the Disquisition on the Assistive Glacier
 20689 | Lair:6   | Entered Level 6 of the Lair of Beasts
 20831 | Lair:6   | Found a dark tunnel.
 20840 | Volcano  | Entered a volcano
 20861 | Volcano  | Reached skill level 10 in Ice Magic
 21803 | Lair:6   | Reached skill level 1 in Armour
 22003 | Lair:6   | Reached skill level 15 in Earth Magic
 22320 | Lair:6   | Found a staircase to the Slime Pits.
 23062 | Lair:6   | Reached XP level 15. HP: 78/78 MP: 18/33
 23969 | D:12     | Offered knowledge of Spellforged Servitor by Vehumet.
 24176 | D:12     | Found a staircase to the Orcish Mines.
 24229 | D:12     | Noticed Kirke
 24234 | D:12     | Killed Kirke
 24370 | D:12     | Noticed Urug
 24375 | D:12     | Killed Urug
 25243 | Orc:1    | Entered Level 1 of the Orcish Mines
 25247 | Orc:1    | Found Sux Aqafa's Weapon Emporium.
 25963 | Orc:2    | Entered Level 2 of the Orcish Mines
 25965 | Orc:2    | Found a roughly hewn altar of Beogh.
 26062 | Orc:2    | Noticed Rupert
 26069 | Orc:2    | Paralysed by Rupert for 2 turns
 26075 | Orc:2    | Killed Rupert
 26090 | Orc:2    | Noticed Azrael
 26348 | Orc:2    | Found Betom's Antique Weapon Shoppe.
 26363 | Orc:2    | Found Juuviapa's Magic Scroll Boutique.
 26567 | Orc:2    | Bought a scroll of acquirement for 832 gold pieces
 26567 | Orc:2    | Bought a scroll of identify for 32 gold pieces
 26567 | Orc:2    | Bought a scroll of identify for 32 gold pieces
 26567 | Orc:2    | Bought a scroll of identify for 32 gold pieces
 26567 | Orc:2    | Bought a scroll of identify for 32 gold pieces
 26567 | Orc:2    | Bought a scroll of identify for 32 gold pieces
 26572 | Orc:2    | Acquired the amulet "Izobbicy" {Reflect rC+ rN+ Slay+2
                  | SH+5}
 26625 | Orc:2    | Killed Azrael
 26765 | Orc:2    | Found Muwni's Armour Shop.
 26875 | Orc:2    | Found a staircase to the Elven Halls.
 26993 | Orc:2    | Found Qoecyss's Assorted Antiques.
 26996 | Orc:2    | Bought a potion of might for 92 gold pieces
 26996 | Orc:2    | Bought a fine brass ring for 115 gold pieces
 26996 | Orc:2    | Bought a scroll of identify for 46 gold pieces
 26996 | Orc:2    | Identified the ring "Pedepe Feff" {rN+ Dex+4 Slay+2} (You
                  | bought it in a shop on level 2 of the Orcish Mines)
 27171 | Orc:2    | Found a roughly hewn altar of Beogh.
 27249 | Orc:2    | Found Leuhut's Gadget Boutique.
 27301 | Orc:2    | Found Dosasch's Antique Weapon Boutique.
 27304 | Orc:2    | Reached skill level 15 in Spellcasting
 27368 | Orc:2    | Found Zaor's Assorted Antiques.
 27405 | Orc:2    | Bought a scroll of identify for 60 gold pieces
 27405 | Orc:2    | Bought a paperback book for 450 gold pieces
 27405 | Orc:2    | Bought a leatherbound book for 450 gold pieces
 27416 | Orc:2    | Bought a jewelled mace for 296 gold pieces
 27416 | Orc:2    | Identified the +4 mace of Defilement {vorpal, rF+ rN+ MR++
                  | Str-5} (You bought it in a shop on level 2 of the Orcish
                  | Mines)
 27460 | Orc:2    | Bought an ichor-stained spear for 232 gold pieces
 27460 | Orc:2    | Identified the cursed +1 spear of Propriety {drain, MR+}
                  | (You bought it in a shop on level 2 of the Orcish Mines)
 27759 | Snake:1  | Entered Level 1 of the Snake Pit
 27770 | Snake:1  | Reached ****** piety under Vehumet
 28643 | Snake:1  | Reached XP level 16. HP: 74/83 MP: 19/35
 29069 | Snake:1  | Offered knowledge of Conjure Ball Lightning by Vehumet.
 29929 | Snake:2  | Noticed a nagaraja
 29931 | Snake:2  | Noticed a nagaraja
 29932 | Snake:2  | Noticed a nagaraja
 30221 | Snake:2  | Reached skill level 10 in Conjurations
 30632 | Snake:2  | You are sucked into a shaft and drop 1 floor!
 31430 | Snake:3  | Noticed a nagaraja
 31437 | Snake:3  | Killed a nagaraja
 31662 | Snake:3  | Noticed a nagaraja
 31668 | Snake:3  | Killed a nagaraja
 32273 | Snake:3  | Noticed a nagaraja
 32287 | Snake:3  | Killed a nagaraja
 33341 | Snake:2  | Noticed a nagaraja
 33341 | Snake:2  | Noticed a nagaraja
 33344 | Snake:2  | Noticed a nagaraja
 33382 | Snake:2  | Found a shimmering blue altar of Sif Muna.
 33386 | Snake:2  | Found a transporter.
 33544 | Snake:2  | Killed a nagaraja
 33544 | Snake:2  | Reached XP level 17. HP: 87/87 MP: 29/37
 33721 | Snake:2  | Offered knowledge of Starburst by Vehumet.
 33730 | Snake:2  | Reached skill level 15 in Ice Magic
 34033 | Snake:2  | Found a transporter.
 34232 | Shoals:1 | Entered Level 1 of the Shoals
 34446 | Shoals:1 | Found Buyguc's Armour Boutique.
 35465 | Shoals:2 | Noticed a kraken
 35470 | Shoals:2 | Killed a kraken
 36085 | Shoals:2 | Noticed Polyphemus
 36090 | Shoals:2 | Killed Polyphemus
 36246 | Shoals:2 | Noticed Ilsuiw
 36254 | Shoals:2 | Killed Ilsuiw
 36574 | Shoals:2 | Noticed a kraken
 36577 | Shoals:2 | Killed a kraken
 36702 | Shoals:2 | Noticed Nikola
 36709 | Shoals:2 | Killed Nikola
 37399 | Shoals:3 | Found a runed translucent door.
 37403 | Shoals:3 | Reached XP level 18. HP: 92/92 MP: 39/39
 38792 | Shoals:3 | Offered knowledge of Orb of Destruction by Vehumet.
 39287 | Shoals:4 | Entered Level 4 of the Shoals
 39982 | Shoals:4 | Got a smoking short sword
 40832 | Shoals:4 | Found a runed translucent gate.
 40832 | Shoals:4 | Found a runed translucent gate.
 40832 | Shoals:4 | Found a runed translucent gate.
 40836 | Shoals:4 | Noticed Thomus's ghost (adept DECj)
 41398 | Shoals:4 | Offered knowledge of Ignition by Vehumet.
 41478 | Shoals:4 | Got a barnacled rune of Zot
 41793 | Shoals:4 | Identified the +9 short sword of Causality {venom, *Slow
                  | +Blink rC+ Str+5} (You found it on level 4 of the Shoals)
 41975 | Snake:4  | Entered Level 4 of the Snake Pit
 41991 | Snake:4  | Noticed Vashnia
 42125 | Snake:4  | Reached XP level 19. HP: 90/96 MP: 29/41
 42127 | Snake:4  | Killed Vashnia
 44100 | Snake:4  | Offered knowledge of Shatter by Vehumet.
 44100 | Snake:4  | Offered knowledge of Tornado by Vehumet.
 44100 | Snake:4  | Offered knowledge of Absolute Zero by Vehumet.
 44413 | Snake:4  | Got a serpentine rune of Zot
 44692 | D:13     | Found a transporter.
 45288 | D:13     | Found a one-way gate to the infinite horrors of the Abyss.
 45288 | D:13     | Noticed Thomus's ghost (journeyman HOFi)
 45398 | D:13     | Found a gate to the Vaults.
 45483 | D:13     | Learned a level 9 spell: Absolute Zero
 45493 | D:13     | Learned a level 9 spell: Shatter
 45562 | D:13     | Found a transporter.
 46227 | D:14     | Noticed Josephine
 46230 | D:14     | Reached XP level 20. HP: 101/101 MP: 39/43
 46231 | D:14     | Noticed Nessos
 46234 | D:14     | Killed Josephine
 46239 | D:14     | Killed Nessos
 46511 | D:14     | Noticed Louise
 46514 | D:14     | Killed Louise
 47131 | D:15     | Entered Level 15 of the Dungeon
 48244 | D:15     | Found a shimmering altar of Xom.
 48553 | D:15     | Found a staircase to the Depths.
 49010 | Vaults:1 | Entered Level 1 of the Vaults
 51050 | Vaults:1 | Reached XP level 21. HP: 92/106 MP: 45/45
 51341 | Vaults:2 | Noticed Mara
 51362 | Vaults:2 | Noticed AlexTheUnready's illusion
 51365 | Vaults:2 | Killed Mara
 51668 | Vaults:2 | Noticed Saint Roka
 51675 | Vaults:2 | Killed Saint Roka
 52628 | Vaults:2 | Noticed Aizul
 52640 | Vaults:2 | Killed Aizul
 52883 | Vaults:2 | Found a staircase to the Crypt.
 53778 | Vaults:2 | Noticed Xtahua
 53783 | Vaults:2 | Killed Xtahua
 54189 | Vaults:3 | Found a flickering gateway to a bazaar.
 54210 | Bazaar   | Entered a bazaar
 54264 | Bazaar   | Found Niugacw's Magic Scroll Shoppe.
 54306 | Bazaar   | Found Xupih's Book Boutique.
 54362 | Bazaar   | Found Locainiar's Magic Scroll Shoppe.
 54416 | Bazaar   | Found Birphym's Gadget Shoppe.
 54511 | Bazaar   | Bought a scroll of identify for 22 gold pieces
 54511 | Bazaar   | Bought a scroll of identify for 22 gold pieces
 54561 | Bazaar   | Bought a scroll of identify for 24 gold pieces
 54561 | Bazaar   | Bought a scroll of blinking for 90 gold pieces
 54561 | Bazaar   | Bought a scroll of enchant armour for 90 gold pieces
 54561 | Bazaar   | Bought a scroll of identify for 24 gold pieces
 54863 | Vaults:3 | Noticed Mennas
 54866 | Vaults:3 | Killed Mennas
 55605 | Vaults:3 | Found a portal to a secret trove of treasure.
 56580 | Vaults:3 | Reached XP level 22. HP: 105/111 MP: 47/47
 57834 | Vaults:4 | Found Guet's Jewellery Boutique.
 57871 | Vaults:4 | Bought the ring of Light {rC+ MR+ AC+4 Str+3 Int+4} for 913
                  | gold pieces
 58247 | Vaults:4 | Found a runed translucent gate.
 58247 | Vaults:4 | Found a runed translucent gate.
 58247 | Vaults:4 | Found a runed translucent gate.
 58248 | Vaults:4 | Noticed corvin's ghost (veteran TrBe)
 59400 | Elf:1    | Entered Level 1 of the Elven Halls
 60942 | Elf:2    | Found a flickering gateway to a bazaar.
 60952 | Bazaar   | Entered a bazaar
 60966 | Bazaar   | Found Dyupoow's Gadget Shop.
 60977 | Bazaar   | Found Jedomez's Distillery.
 60997 | Bazaar   | Found Ypner's Distillery.
 61017 | Bazaar   | Found Quwu's Gadget Shop.
 61036 | Bazaar   | Bought a potion of might for 36 gold pieces
 61056 | Bazaar   | Bought a potion of haste for 140 gold pieces
 61056 | Bazaar   | Bought a potion of might for 56 gold pieces
 61056 | Bazaar   | Bought a potion of heal wounds for 70 gold pieces
 61056 | Bazaar   | Bought a potion of might for 56 gold pieces
 61056 | Bazaar   | Bought a potion of mutation for 112 gold pieces
 61056 | Bazaar   | Bought a potion of haste for 140 gold pieces
 61056 | Bazaar   | Bought a potion of haste for 140 gold pieces
 61056 | Bazaar   | Bought a potion of cancellation for 112 gold pieces
 62351 | Elf:2    | Found a huge runed translucent gate.
 62351 | Elf:2    | Found a huge runed translucent gate.
 62351 | Elf:2    | Found a huge runed translucent gate.
 62351 | Elf:2    | Found a huge runed translucent gate.
 62355 | Elf:2    | Found a huge runed translucent gate.
 63013 | Elf:2    | Reached XP level 23. HP: 104/115 MP: 42/48
 63075 | Elf:2    | Cast into level 3 of the Abyss (+2 lajatang of distortion)
 63440 | Abyss:3  | Reached skill level 1 in Long Blades
 63557 | Abyss:3  | Found a corrupted altar of Lugonu.
 64092 | Elf:2    | Escaped the Abyss
 64645 | Elf:3    | Entered Level 3 of the Elven Halls
 65637 | Elf:3    | Identified the cursed +1 leather armour "Nefin" {*Drain
                  | rC++ Dex+5}
 66308 | Elf:3    | Got a scorched hand axe
 66453 | Elf:3    | Identified the +8 hand axe of Lapry {vorpal, SInv} (You
                  | found it on level 3 of the Elven Halls)
 66735 | Elf:3    | Identified the +6 great sword of the Inquisitive Stars
                  | {freeze, Stlth+}
 66747 | Elf:3    | Got an iridescent quarterstaff
 66823 | Elf:3    | Identified the ring "Uxkuobb" {MP+9 Slay+3}
 66952 | Elf:3    | Got a fine helmet
 66964 | Elf:3    | Identified the Collected Works on Fire
 66969 | Elf:3    | Got a translucent hand crossbow
 66974 | Elf:3    | Identified Meliah's Guide on Darkness and the Traveller
 67008 | Elf:3    | Got a smoking golden ring
 67012 | Elf:3    | Got a scorched diamond amulet
 67033 | Elf:3    | Identified the +2 helmet "Voluekk" {SInv} (You found it on
                  | level 3 of the Elven Halls)
 67034 | Elf:3    | Identified the ring "Secej" {+Blink rElec Dex-5 Slay+4
                  | SInv} (You found it on level 3 of the Elven Halls)
 67035 | Elf:3    | Identified the amulet of Sodgh {Inacc rF+ rC+ Int+4 Dex+2}
                  | (You found it on level 3 of the Elven Halls)
 67036 | Elf:3    | Identified the cursed +1 hand crossbow "Mereguuth" {freeze,
                  | SInv} (You found it on level 3 of the Elven Halls)
 67038 | Elf:3    | Identified the +5 quarterstaff of the Curious Mouths {pain,
                  | *Rage rF++ Str+4} (You found it on level 3 of the Elven
                  | Halls)
 67044 | Elf:3    | Got a glimmering fustibalus
 67634 | Lair:1   | Identified the cursed +2 fustibalus "Funueseh" {vorpal, rC+
                  | Dex+3} (You found it on level 3 of the Elven Halls)
 67828 | Crypt:1  | Entered Level 1 of the Crypt
 68285 | Crypt:1  | Reached skill level 5 in Long Blades
 70036 | Crypt:2  | Reached XP level 24. HP: 82/122 MP: 49/49
 70861 | Crypt:3  | Entered Level 3 of the Crypt
 71095 | Crypt:3  | Noticed Boris
 71097 | Crypt:3  | Killed Boris
 71235 | Crypt:3  | Found an ancient bone altar of Kikubaaqudgha.
 71235 | Crypt:3  | Noticed an ancient lich
 71237 | Crypt:3  | Killed an ancient lich
 71303 | Crypt:3  | Got an iridescent spear
 71307 | Crypt:3  | Identified the Disquisition on Air
 72306 | Crypt:3  | Reached skill level 5 in Fighting
 72448 | Crypt:3  | Identified the +10 hand axe "Ficatemp" {vamp, Int+4}
 72642 | Crypt:3  | Identified the Tome of Sinister Rites
 72712 | Crypt:3  | Found a staircase to the Tomb.
 72797 | Crypt:3  | Identified the +5 spear "Komel" {elec, Dex+9} (You found it
                  | on level 3 of the Crypt)
 73200 | Depths:1 | Entered Level 1 of the Depths
 73339 | Depths:1 | Found a gateway to Hell.
 73651 | Depths:1 | Noticed Sojobo
 73656 | Depths:1 | Killed Sojobo
 74035 | Depths:1 | You are sucked into a shaft and drop 1 floor!
 74075 | Depths:2 | Reached XP level 25. HP: 128/128 MP: 50/50
 74190 | Depths:2 | Reached skill level 10 in Long Blades
 74223 | Depths:1 | Identified the +6 mace "Aposyh" {distort, SInv Stlth+}
 74223 | Depths:1 | Noticed Boris
 74227 | Depths:1 | Killed Boris
 74335 | Depths:1 | Found a gateway to a ziggurat.
 74691 | Depths:1 | Identified the Almanac of Twisted Unholy Rites
 76158 | Depths:2 | Found a one-way gate leading to the halls of Pandemonium.
 78477 | Depths:3 | Reached XP level 26. HP: 108/135 MP: 51/51
 80935 | Depths:4 | Acquired the ring of Ifiofur {Wiz rN+++ MR+ Dex+4}
 81697 | Depths:4 | Paralysed by a floating eye for 3 turns
 82080 | Depths:4 | Reached XP level 27. HP: 140/140 MP: 52/52
 82668 | Depths:5 | Entered Level 5 of the Depths
 82823 | Depths:5 | Noticed Boris
 82827 | Depths:5 | Killed Boris
 84399 | Depths:5 | Found a gate to the Realm of Zot.
 84964 | Vaults:5 | Entered Level 5 of the Vaults
 85631 | Vaults:5 | Reached skill level 27 in Spellcasting
 86281 | Vaults:5 | Reached skill level 10 in Dodging
 86747 | Vaults:5 | Noticed Bai Suzhen
 86760 | Vaults:4 | Killed Bai Suzhen
 86952 | Vaults:5 | Found Samnilo's Armour Shop.
 87957 | Vaults:5 | Identified the +6 halberd of Hacsy {freeze, Dex+3 Stlth+}
 88143 | Vaults:5 | Identified Foenk's Easy Thaumaturgy
 88223 | Vaults:5 | Got a silver rune of Zot
 88279 | Vaults:5 | Identified the Papyrus of the Wolf
 88726 | Vaults:5 | Reached skill level 15 in Conjurations
 88765 | Vaults:5 | Acquired 1220 gold pieces
 88766 | Vaults:5 | Acquired AlexTheUnready's Catalogue of the Mutagenic Rocks
 89268 | Zot:1    | Entered Level 1 of the Realm of Zot
 92087 | Zot:3    | Reached skill level 5 in Shields
 92145 | Zot:3    | Noticed an orb of fire
 92145 | Zot:3    | Gained mutation: You are clumsy. (Dex -2) [an orb of fire]
 92147 | Zot:3    | Killed an orb of fire
 94251 | Zot:4    | Reached skill level 10 in Fighting
 94601 | Zot:5    | Entered Level 5 of the Realm of Zot
 95762 | Slime:1  | Entered Level 1 of the Pits of Slime
 95767 | Slime:1  | Gained mutation: Your magical capacity is low. (-10% MP) [a
                  | shining eye]
 96263 | Slime:5  | Entered Level 5 of the Pits of Slime
 96420 | Slime:5  | Found a viscous altar of Jiyva.
 96422 | Slime:5  | Noticed the Royal Jelly
 96429 | Slime:5  | Killed the Royal Jelly
 97213 | Slime:5  | Found the +8 trident of the Octopus King {venom, rElec
                  | rPois MR+}
 97221 | Slime:5  | Got a smoking silver ring
 97253 | Slime:5  | Identified the Incunabulum of the Escort
 97297 | Slime:5  | Got a clouded amber ring
 97342 | Slime:5  | Got a slimy rune of Zot
 97374 | Slime:5  | Identified the ring "Buburhy" {rElec rF- AC+4 Str+6} (You
                  | found it on level 5 of the Pits of Slime)
 97375 | Slime:5  | Identified the cursed ring "Hielusysch" {EV-4 Int+5} (You
                  | found it on level 5 of the Pits of Slime)
 97382 | Slime:5  | Got an iridescent war axe
 97386 | Slime:5  | Got a steaming lead ring
 97389 | Slime:5  | Got a fine robe
 97402 | Slime:5  | Identified the +4 war axe of Wimow {venom, *Noise rElec
                  | rN+++ Int+2} (You found it on level 5 of the Pits of Slime)
 97404 | Slime:5  | Identified the +3 robe "Put-Me-On" {rElec rPois rF- SInv}
                  | (You found it on level 5 of the Pits of Slime)
 97405 | Slime:5  | Identified the ring "Kaloalita" {*Tele rF+ rN+ Str-4 Int+8}
                  | (You found it on level 5 of the Pits of Slime)
 97948 | D:13     | Killed Thomus's ghost
 98035 | D:13     | Voluntarily entered the Abyss.
 99090 | Abyss:3  | Reached skill level 10 in Shields
 99140 | D:13     | Escaped the Abyss
 99453 | D:13     | Voluntarily entered the Abyss.
100048 | Abyss:3  | Found a corrupted altar of Lugonu.
100088 | Abyss:4  | Found a corrupted altar of Lugonu.
101290 | D:13     | Escaped the Abyss
101622 | D:13     | Voluntarily entered the Abyss.
101790 | D:13     | Escaped the Abyss
101950 | D:13     | Voluntarily entered the Abyss.
103135 | Abyss:4  | Reached skill level 15 in Fighting
103337 | D:13     | Escaped the Abyss
103378 | D:13     | Voluntarily entered the Abyss.
103383 | Abyss:1  | Found a corrupted altar of Lugonu.
103833 | Abyss:3  | Gained mutation: Scrolls take you a little longer to read.
                  | [a neqoxec]
103907 | Abyss:3  | Found a corrupted altar of Lugonu.
103976 | Abyss:4  | Found a corrupted altar of Lugonu.
104388 | Abyss:4  | Reached skill level 15 in Shields
104526 | Abyss:4  | Reached skill level 15 in Dodging
104562 | Abyss:4  | Found a glowing golden altar of the Shining One.
104563 | Abyss:4  | Noticed a juggernaut
104571 | Abyss:4  | Killed a juggernaut
104626 | Abyss:4  | Got an abyssal rune of Zot
104654 | D:13     | Escaped the Abyss
104805 | Vaults:3 | You paid a toll of 8 scrolls of fear to enter a treasure
                  | trove
104806 | Trove    | Entered a treasure trove
104813 | Trove    | Got a transparent platinum amulet
104817 | Trove    | Got a brightly glowing steel ring
104823 | Trove    | Got a slimy zirconium amulet
104829 | Trove    | Got a brightly glowing lead amulet
104831 | Trove    | Got a clouded steel amulet
104835 | Trove    | Got a faintly glowing iron ring
104855 | Trove    | Identified the amulet of Midsummer {Acrobat rC+++ MR- MP+9
                  | Dex+2} (You found it in a treasure trove)
104857 | Trove    | Identified the ring "Xeam" {rF+ SInv} (You found it in a
                  | treasure trove)
104859 | Trove    | Identified the amulet of Crawling {*Corrode rElec Regen+
                  | Str+4 SInv} (You found it in a treasure trove)
104861 | Trove    | Identified the amulet of Yghetu {Faith *Contam +Blink MP+9
                  | Int-4} (You found it in a treasure trove)
104863 | Trove    | Identified the amulet of Dahaph {rElec rF+ rC+ Regen+
                  | Dex+5} (You found it in a treasure trove)
104865 | Trove    | Identified the ring of Naum Wuxzi {rC+ EV+4 Dex+6} (You
                  | found it in a treasure trove)
104870 | Trove    | Got a coiled ruby amulet
104873 | Trove    | Identified the amulet of Yrgheuje {rElec rF++ rC+ Regen+
                  | Int-4} (You found it in a treasure trove)
104986 | Vaults:4 | Killed corvin's ghost
105676 | D:8      | Killed Thomus's ghost
106038 | Shoals:3 | Noticed AlexTheUnready's ghost (journeyman MiBe)
106045 | Shoals:3 | Killed AlexTheUnready's ghost
106205 | Shoals:4 | Killed Thomus's ghost
106523 | Hell     | Entered the Vestibule of Hell
106523 | Hell     | Noticed Geryon
106524 | Hell     | Killed Geryon
106538 | Hell     | Gained mutation: You are frail. (-10% HP) [a cacodemon]
106676 | Hell     | Reached skill level 27 in Earth Magic
107088 | Lair:1   | Lost mutation: Your magical capacity is low. (-10% MP)
                  | [potion of mutation]
107088 | Lair:1   | Lost mutation: Scrolls take you a little longer to read.
                  | [potion of mutation]
107088 | Lair:1   | Gained mutation: You are weak. (Str -2) [potion of
                  | mutation]
107088 | Lair:1   | Lost mutation: You are clumsy. (Dex -2) [potion of
                  | mutation]
107278 | Pan      | Entered Pandemonium
108020 | Pan      | Noticed Buog Mydauk the pandemonium lord
108032 | Pan      | Killed Buog Mydauk the pandemonium lord
108120 | Pan      | Got a demonic rune of Zot
109015 | Pan      | Noticed Okonink the pandemonium lord
109016 | Pan      | Killed Okonink the pandemonium lord
110547 | Pan      | Identified the cursed +0 tower shield of Resilience {SInv}
110667 | Pan      | Found a white marble altar of Elyvilon.
112823 | Pan      | Found a glowing silver altar of Zin.
113010 | Pan      | Identified the +5 great mace of Spores {holy, rN+ MR+
                  | Int-5}
113010 | Pan      | Identified the +4 scale mail of Fuahael {*Contam rC+ Dex+2}
113010 | Pan      | Identified the ring of Midnight {*Drain +Blink rF+ rC+
                  | Str+4}
113136 | Pan      | Identified the amulet of Imanatruu {*Drain +Blink Regen+
                  | Str+4}
113140 | Pan      | Noticed a seraph
113144 | Pan      | Killed a seraph
113240 | Pan      | Found a glowing golden altar of the Shining One.
113601 | Pan      | Got a dazzling whip
113605 | Pan      | Got a buzzing falchion
113625 | Pan      | Identified the +4 whip of Watchfulness {pain, rPois rC+}
                  | (You found it in Pandemonium)
113626 | Pan      | Identified the +4 falchion "Goorhoips" {vamp, +Rage rF-
                  | rN++ Str-3} (You found it in Pandemonium)
115467 | Pan      | Noticed Vutix the pandemonium lord
115470 | Pan      | Killed Vutix the pandemonium lord
118194 | Pan      | Noticed Zoyj the pandemonium lord
118196 | Pan      | Killed Zoyj the pandemonium lord
119255 | Pan      | Noticed Ipoemn the pandemonium lord
119258 | Pan      | Killed Ipoemn the pandemonium lord
119266 | Pan      | Got a jewelled quarterstaff
119267 | Pan      | Identified the +4 quarterstaff of Unpleasantness {freeze,
                  | rC+ MR+ Str+3 SInv} (You found it in Pandemonium)
119845 | Pan      | Noticed Juanuc the pandemonium lord
119860 | Pan      | Killed Juanuc the pandemonium lord
121141 | Pan      | Found an exit through the horrors of the Abyss.
121352 | Pan      | Noticed Noutoxuf the pandemonium lord
121362 | Pan      | Killed Noutoxuf the pandemonium lord
121585 | Pan      | Reached skill level 27 in Fighting
121595 | Pan      | Learned a level 8 spell: Ignition
121824 | Pan      | Found an exit through the horrors of the Abyss.
121863 | Pan      | Reached skill level 1 in Fire Magic
123179 | Pan      | Entered the realm of Mnoleg.
123761 | Pan      | Reached skill level 5 in Fire Magic
123918 | Pan      | Gained mutation: Your body sometimes deteriorates upon
                  | taking damage. [a cacodemon]
124113 | Pan      | Reached skill level 5 in Armour
124925 | Pan      | Gained mutation: Scrolls take you a little longer to read.
                  | [a shining eye]
124926 | Pan      | Gained mutation: You are clumsy. (Dex -2) [a shining eye]
124945 | Pan      | Lost mutation: You are weak. (Str -2) [potion of mutation]
124945 | Pan      | Lost mutation: You are frail. (-10% HP) [potion of
                  | mutation]
124945 | Pan      | Lost mutation: Your body sometimes deteriorates upon taking
                  | damage. [potion of mutation]
124945 | Pan      | Gained mutation: You are very clumsy. (Dex -4) [potion of
                  | mutation]
124945 | Pan      | Gained mutation: You are partially covered in slimy green
                  | scales. (AC +2) [potion of mutation]
125304 | Pan      | Gained mutation: You occasionally shout uncontrollably at
                  | your foes. [a cacodemon]
125370 | Pan      | Noticed Mnoleg
125371 | Pan      | Killed Mnoleg
125668 | Pan      | Gained mutation: Scrolls take you longer to read. [a
                  | shining eye]
125917 | Pan      | Gained mutation: Your magical capacity is low. (-10% MP) [a
                  | cacodemon]
126016 | Pan      | Got a glowing rune of Zot
126424 | Pan      | Noticed Peblab the pandemonium lord
126429 | Pan      | Killed Peblab the pandemonium lord
128076 | Pan      | Entered the realm of Gloorx Vloq.
128167 | Pan      | Found an exit through the horrors of the Abyss.
128461 | Pan      | Reached skill level 10 in Fire Magic
129507 | Pan      | Noticed Gloorx Vloq
129513 | Pan      | Killed Gloorx Vloq
129938 | Pan      | Got a dark rune of Zot
130048 | Pan      | Entered the realm of Cerebov.
131081 | Pan      | Got an aquamarine-encrusted scale mail
131084 | Pan      | Identified the +4 scale mail of the Aged Places {rC+ rN+
                  | Int+4 Dex-4} (You found it in Pandemonium)
131118 | Pan      | Identified the +6 battleaxe "Taaniruw" {flame, Str+3}
131239 | Pan      | Identified the +6 sword of Cerebov {flame}
131239 | Pan      | Noticed Cerebov
131315 | Pan      | Killed Cerebov
131480 | Pan      | Got a fiery rune of Zot
131637 | Pan      | Learned a level 3 spell: Spectral Weapon
131662 | Pan      | Identified the Collected Works on Ignition and the Birds
131706 | Pan      | Got a smoking steel ring
131729 | Pan      | Identified the Almanac of the Compass
131757 | Pan      | Identified the Handbook of Good Intentions
131833 | Pan      | Identified the ring "Eruez" {rF- rN+ Str+3 Dex+9} (You
                  | found it in Pandemonium)
131835 | Pan      | Got a steaming dagger
131837 | Pan      | Got a masterwork leather armour
131841 | Pan      | Identified the +3 leather armour of Dithmenos's Pride {rC+
                  | SInv} (You found it in Pandemonium)
131843 | Pan      | Identified the +9 dagger of the Vendetta {flame, rElec rN+
                  | Int+4} (You found it in Pandemonium)
132107 | Pan      | Noticed Axoetes the pandemonium lord
132111 | Pan      | Killed Axoetes the pandemonium lord
132390 | Pan      | Got a coiled brass amulet
132393 | Pan      | Identified the amulet "Xumuis" {RegenMP rC++ MR- SInv
                  | Stlth+} (You found it in Pandemonium)
132981 | Pan      | Found an exit through the horrors of the Abyss.
133299 | Pan      | Took an exit into the Abyss.
133299 | Abyss:1  | Escaped into the Abyss
133515 | Abyss:1  | Gained mutation: You sometimes yell uncontrollably at your
                  | foes. [a neqoxec]
133589 | Depths:2 | Escaped the Abyss
134256 | Pan      | Entered Pandemonium
134432 | Pan      | Noticed Vybb the pandemonium lord
134435 | Pan      | Killed Vybb the pandemonium lord
135683 | Pan      | Found a transporter.
136107 | Pan      | Found an exit through the horrors of the Abyss.
136405 | Pan      | Found a transporter.
137357 | Pan      | Gained mutation: You are dopey. (Int -2) [a cacodemon]
138010 | Pan      | Got a scorched diamond amulet
138110 | Pan      | Got a serpentine glass ring
138119 | Pan      | Got an ancient platinum ring
138160 | Pan      | Got a crystal mace
138163 | Pan      | Identified the +12 mace of Fragile Peace {vorpal, Dex+2}
                  | (You found it in Pandemonium)
138165 | Pan      | Identified the amulet "Qoizxoim" {Reflect rElec rN+ Int-3
                  | SH+5 Stlth+} (You found it in Pandemonium)
138167 | Pan      | Identified the ring "Xextob" {rElec MP+9} (You found it in
                  | Pandemonium)
138169 | Pan      | Identified the cursed ring of Uwaotimu {+Blink Str+6 Int-5
                  | Dex-4} (You found it in Pandemonium)
138231 | Pan      | Entered the realm of Lom Lobon.
139180 | Pan      | Noticed Lom Lobon
139180 | Pan      | Identified the +1 flail "Dotidgh" {pain, rN+}
139191 | Pan      | Killed Lom Lobon
139249 | Pan      | Got a magical rune of Zot
139853 | Pan      | Noticed Ihisie the pandemonium lord
139861 | Pan      | Killed Ihisie the pandemonium lord
139883 | Pan      | Gained mutation: Scrolls take you much longer to read. [a
                  | cacodemon]
139924 | Pan      | Gained mutation: You are weak. (Str -2) [a neqoxec]
140111 | Pan      | Lost mutation: Scrolls take you much longer to read.
                  | [potion of mutation]
140111 | Pan      | Lost mutation: You are very clumsy. (Dex -4) [potion of
                  | mutation]
140111 | Pan      | Lost mutation: Your magical capacity is low. (-10% MP)
                  | [potion of mutation]
140111 | Pan      | Lost mutation: You are clumsy. (Dex -2) [potion of
                  | mutation]
140111 | Pan      | Lost mutation: You are weak. (Str -2) [potion of mutation]
140111 | Pan      | Gained mutation: You are resistant to hostile enchantments.
                  | (MR+) [potion of mutation]
140111 | Pan      | Gained mutation: You are somewhat resistant to further
                  | mutation. [potion of mutation]
140511 | Depths:3 | Escaped Pandemonium
140729 | Lair:1   | Lost mutation: You sometimes yell uncontrollably at your
                  | foes. [potion of mutation]
140729 | Lair:1   | Lost mutation: Scrolls take you longer to read. [potion of
                  | mutation]
140729 | Lair:1   | Gained mutation: You are partially covered in large bone
                  | plates. (SH +4) [potion of mutation]
140730 | Lair:1   | Lost mutation: You occasionally shout uncontrollably at
                  | your foes. [potion of mutation]
140730 | Lair:1   | Lost mutation: Scrolls take you a little longer to read.
                  | [potion of mutation]
140730 | Lair:1   | Lost mutation: You are dopey. (Int -2) [potion of mutation]
140730 | Lair:1   | Lost mutation: You are partially covered in slimy green
                  | scales. (AC +2) [potion of mutation]
140730 | Lair:1   | Gained mutation: You have a pair of small antennae on your
                  | head. [potion of mutation]
140730 | Lair:1   | Lost mutation: You have a pair of small antennae on your
                  | head. [potion of mutation]
140730 | Lair:1   | Gained mutation: You have large cloven feet. [potion of
                  | mutation]
141082 | Hell     | Found a gateway to the decaying netherworld of Tartarus.
141159 | Hell     | Found a gateway to the freezing wastes of Cocytus.
141267 | Hell     | Found a gateway to the Iron City of Dis.
141332 | Hell     | Found a gateway to the ashen valley of Gehenna.
141409 | Tar:1    | Entered Level 1 of Tartarus
142920 | Tar:4    | Reached skill level 1 in Charms
142920 | Tar:4    | Reached skill level 15 in Fire Magic
143037 | Tar:4    | Reached skill level 1 in Hexes
144393 | Tar:7    | Entered Level 7 of Tartarus
144569 | Tar:7    | Found the +4 skin of Zhor {Englaciate rC+++ SInv}
144570 | Tar:7    | Identified Sif Muna's Catalogue of Lucky Evil Rituals
144598 | Tar:7    | Got a fine bardiche
144601 | Tar:7    | Got a bloodstained short sword
144606 | Tar:7    | Identified the +9 bardiche of Midwinter {flame, rC+ Int+4}
                  | (You found it on level 7 of Tartarus)
144607 | Tar:7    | Identified the cursed +3 short sword "Aheufro" {flame,
                  | Stlth+} (You found it on level 7 of Tartarus)
144620 | Tar:7    | Found the +5 scythe "Finisher" {speed, eviscerate}
145000 | Tar:7    | Noticed the Serpent of Hell
145004 | Tar:7    | Killed the Serpent of Hell
145084 | Tar:7    | Noticed Ereshkigal
145095 | Tar:7    | Killed Ereshkigal
145361 | Tar:7    | Got a bone rune of Zot
145627 | Tar:7    | Noticed an ancient lich
145628 | Tar:7    | Killed an ancient lich
145972 | Tar:7    | Found the +7 great mace "Firestarter" {inner flame, rF++}
146114 | Tar:7    | Got a twisted falchion
146117 | Tar:7    | Identified the Guide on Black Magic and Battle Magic
146120 | Tar:7    | Got a bone demon trident
146187 | Tar:7    | Got an encrusted leather armour
146192 | Tar:7    | Identified the +8 falchion of Rerygot {freeze, Str+6} (You
                  | found it on level 7 of Tartarus)
146193 | Tar:7    | Identified the +1 demon trident of Yhihodar {elec, *Rage
                  | rElec rPois rF+} (You found it on level 7 of Tartarus)
146194 | Tar:7    | Identified the +2 leather armour of Restlessness {MR-
                  | Regen+ Int+8 Dex-5} (You found it on level 7 of Tartarus)
146315 | Dis:1    | Entered Level 1 of the Iron City of Dis
148682 | Dis:2    | You are sucked into a shaft and drop 2 floors!
149399 | Dis:7    | Entered Level 7 of the Iron City of Dis
151175 | Dis:7    | Got a pitted diamond amulet
151179 | Dis:7    | Identified the Tome of Creation and Talismans
151193 | Dis:7    | Identified the amulet "Tohyiwu" {Faith MR- Str+9 SInv
                  | Stlth-} (You found it on level 7 of the Iron City of Dis)
151791 | Dis:7    | Gained mutation: Scrolls take you a little longer to read.
                  | [a cacodemon]
152470 | Dis:7    | Identified the +4 staff of Dispater
152470 | Dis:7    | Noticed Dispater
152471 | Dis:7    | Killed Dispater
152521 | Dis:7    | Got an iron rune of Zot
153781 | Coc:1    | Entered Level 1 of Cocytus
154565 | Coc:7    | Entered Level 7 of Cocytus
156550 | Coc:7    | Noticed Antaeus
156551 | Coc:7    | Killed Antaeus
156551 | Coc:7    | Reached skill level 27 in Dodging
156622 | Coc:7    | Got a wavering brass ring
156695 | Coc:7    | Got an icy rune of Zot
156760 | Coc:7    | Got a transparent morningstar
157020 | Coc:7    | Identified the +9 morningstar of Imminent Death {flame,
                  | rN+} (You found it on level 7 of Cocytus)
157022 | Coc:7    | Identified the ring "Xyaceffu" {rElec Str+6 SInv} (You
                  | found it on level 7 of Cocytus)
157153 | Geh:1    | Entered Level 1 of Gehenna
157290 | Geh:1    | Identified the cursed +0 great mace "Niny" {flame, rElec
                  | Int+9 Stlth+}
157775 | Geh:1    | Learned a level 5 spell: Bolt of Magma
157782 | Geh:1    | Learned a level 6 spell: Starburst
159642 | Geh:6    | Reached skill level 27 in Shields
159775 | Geh:7    | Entered Level 7 of Gehenna
160775 | Geh:7    | Cast into level 1 of the Abyss (red devil)
160889 | Geh:7    | Escaped the Abyss
162024 | Geh:7    | Identified the ring "Coureugu" {*Tele rElec Str+2}
162248 | Geh:7    | Got a shimmering hunting sling
162251 | Geh:7    | Identified the cursed +1 hunting sling "Hifesuq" {venom,
                  | rC+ rN+++ Int-3 Dex+4} (You found it on level 7 of Gehenna)
162341 | Geh:7    | Identified the +7 sceptre of Asmodeus
162341 | Geh:7    | Noticed Asmodeus
162342 | Geh:7    | Killed Asmodeus
162375 | Geh:7    | Got an obsidian rune of Zot
163155 | Lair:1   | Lost mutation: You are partially covered in large bone
                  | plates. (SH +4) [potion of mutation]
163155 | Lair:1   | Lost mutation: Scrolls take you a little longer to read.
                  | [potion of mutation]
163155 | Lair:1   | Gained mutation: You occasionally shout uncontrollably at
                  | your foes. [potion of mutation]
163463 | Tomb:1   | Entered Level 1 of the Tomb of the Ancients
164134 | Tomb:1   | Noticed an ancient lich
164136 | Tomb:1   | Killed an ancient lich
164367 | Tomb:1   | Identified the +1 ice dragon scales of Conscience {rF- rC++
                  | rCorr Slay+3}
164582 | Tomb:1   | Identified the Disquisition on Displaced Lightness
164640 | Tomb:1   | Noticed a greater mummy
164646 | Tomb:1   | Killed a greater mummy
164778 | Tomb:1   | Noticed a greater mummy
164778 | Tomb:1   | Noticed a greater mummy
164779 | Tomb:1   | Noticed a greater mummy
164779 | Tomb:1   | Killed a greater mummy
164781 | Tomb:1   | Killed a greater mummy
164783 | Tomb:1   | Killed a greater mummy
165301 | Tomb:1   | Noticed a greater mummy
165304 | Tomb:1   | Killed a greater mummy
165304 | Tomb:1   | Noticed a greater mummy
165308 | Tomb:1   | Killed a greater mummy
165308 | Tomb:1   | Noticed a greater mummy
165309 | Tomb:1   | Noticed a greater mummy
165427 | Tomb:1   | Killed a greater mummy
165428 | Tomb:1   | Killed a greater mummy
165434 | Tomb:1   | Noticed a greater mummy
165439 | Tomb:1   | Killed a greater mummy
165440 | Tomb:1   | Noticed a greater mummy
165660 | Tomb:1   | Killed a greater mummy
165660 | Tomb:1   | Noticed a greater mummy
165661 | Tomb:1   | Killed a greater mummy
165726 | Tomb:1   | Noticed a greater mummy
165731 | Tomb:1   | Killed a greater mummy
165754 | Tomb:1   | Noticed a greater mummy
165756 | Tomb:1   | Killed a greater mummy
165761 | Tomb:1   | Noticed a greater mummy
165766 | Tomb:1   | Killed a greater mummy
165779 | Tomb:1   | Noticed a greater mummy
165780 | Tomb:1   | Killed a greater mummy
165780 | Tomb:1   | Reached skill level 27 in Ice Magic
165848 | Tomb:1   | Noticed a greater mummy
165849 | Tomb:1   | Killed a greater mummy
165850 | Tomb:1   | Noticed a greater mummy
165851 | Tomb:1   | Killed a greater mummy
166015 | Tomb:1   | Noticed a greater mummy
166017 | Tomb:1   | Killed a greater mummy
166090 | Tomb:1   | Noticed a greater mummy
166093 | Tomb:1   | Killed a greater mummy
166094 | Tomb:1   | Noticed a greater mummy
166096 | Tomb:1   | Killed a greater mummy
166699 | Tomb:3   | Entered Level 3 of the Tomb of the Ancients
166716 | Tomb:3   | Found the +3 Elemental Staff {rElec rF++ rC++ MR++ AC+5}
166939 | Tomb:3   | Noticed a greater mummy
166947 | Tomb:3   | Noticed a greater mummy
166948 | Tomb:3   | Killed a greater mummy
166952 | Tomb:3   | Noticed an ancient lich
166953 | Tomb:3   | Killed a greater mummy
166954 | Tomb:3   | Killed an ancient lich
166954 | Tomb:3   | Reached skill level 27 in Fire Magic
166954 | Tomb:3   | Noticed a greater mummy
167358 | Tomb:3   | Noticed a greater mummy
167358 | Tomb:3   | Noticed a greater mummy
167360 | Tomb:3   | Noticed a greater mummy
167360 | Tomb:3   | Noticed a greater mummy
167363 | Tomb:3   | Killed a greater mummy
167363 | Tomb:3   | Killed a greater mummy
167363 | Tomb:3   | Reached skill level 10 in Armour
167363 | Tomb:3   | Noticed Khufu
167365 | Tomb:3   | Killed a greater mummy
167366 | Tomb:3   | Killed a greater mummy
167366 | Tomb:3   | Killed Khufu
167368 | Tomb:3   | Killed a greater mummy
167684 | Tomb:3   | Identified the Collected Works on Earthen Boosts
168292 | Tomb:3   | Got a golden rune of Zot
169101 | Zot:5    | Reached skill level 1 in Staves
169211 | Zot:5    | Noticed an ancient lich
169217 | Zot:5    | Killed an ancient lich
169324 | Zot:5    | Noticed an orb of fire
169354 | Zot:5    | Killed an orb of fire
169489 | Zot:5    | Reached skill level 5 in Staves
169571 | Zot:5    | Reached skill level 15 in Armour
169777 | Zot:5    | Noticed an orb of fire
169778 | Zot:5    | Killed an orb of fire
169788 | Zot:5    | Noticed an orb of fire
169789 | Zot:5    | Killed an orb of fire
169799 | Zot:5    | Noticed an orb of fire
169800 | Zot:5    | Killed an orb of fire
169802 | Zot:5    | Got the Orb of Zot
170338 | D:15     | Noticed a seraph
170338 | D:15     | Killed a seraph
170411 | D:12     | Noticed a seraph
170752 | D:$      | Escaped with the Orb!

Illustrated notes

Levels and vault maps discovered:
D:1:      dpeg_arrival_simpleton_b, layout_loops_ring, serial_rivers,
          chequers_serial_rivers_marsh, chequers_serial_rivers_small_a,
          chequers_serial_rivers_large_a, chequers_serial_rivers_small_b,
          chequers_serial_rivers_room_a
D:2:      layout_basic
D:3:      layout_basic, eino_curves_04, uniq_ijyb, uniq_robin
D:4:      layout_rooms, serial_shops, nicolae_shop_waterfront
D:5:      layout_rooms, first_ration, nicolae_dithmenos_shadow_blocks
D:6:      layout_loops_corners, evilmike_ruin_ashenzari,
          kennysheep_generic_room_15, uniq_sigmund
D:7:      layout_basic, temple_statues, uniq_crazy_yiuf_cottage, uniq_duvessa
D:8:      layout_loops_ring, gammafunk_ghost_berserking_beasts,
          uniq_prince_ribbit1, uniq_joseph
D:9:      layout_roguey, kennysheep_generic_room_9
D:10:     layout_rooms, dpeg_oklobed_lair
D:11:     layout_gridville, portal_ice_cave_entry_ice_beasts,
          hangedman_fish_farm, hex_large, xom_teletrap_fun, uniq_grum,
          uniq_nergalle, uniq_harold, uniq_erolcha
D:12:     layout_cave_pools, hiddenorc1_lemuel, uniq_kirke, uniq_urug
D:13:     layout_long_grid, david_vaults_1, gammafunk_ghost_abyssal_escape,
          drop_trap
D:14:     layout_loops_cross, dk_noncrumbling_2, uniq_louise, uniq_josephine,
          uniq_nessos
D:15:     grunt_enter_depths_snipers, layout_cave_pools, serial_park_paths
          [serial_park_minivault_5x5_5], basic_altar
Temple:   grunt_wide_crystal_templ
Lair:1:   layout_misc_corridors
Lair:2:   layout_misc_corridors
Lair:3:   pond_and_an_island_with_a_cottage, layout_big_grid,
          minmay_snake_entry_six_corridors
Lair:4:   layout_long_grid, elwin_shoals_entry_rooms, wad_woods_river_01,
          grunt_megastairs_4
Lair:5:   layout_cave_shapes, minmay_lair_oklob_chamber, lemuel_fruit_tree,
          lemuel_fruit_fields
Lair:6:   hangedman_lair_tendril_chambers, layout_gridlike,
          minmay_slime_entry_oklob_enclosed, lightli_volcano_entry_magma_tube,
          special_room [special_room_bee]
Shoals:1: layout_shoals, nicolae_shoals_c_island
Shoals:2: layout_shoals, uniq_polyphemus, uniq_ilsuiw, uniq_nikola
Shoals:3: layout_shoals, ebering_ghost_reflecting_pool,
          hangedman_shoals_cup_caves
Shoals:4: shoals_end_grunt_ice, layout_shoals, ebering_ghost_rock_garden
Snake:1:  layout_chambers, serial_bayou_lake_a
Snake:2:  gammafunk_sealed_library, layout_gridlike
Snake:3:  kennysheep_snake, layout_rooms, serial_bayou_shore_b
Snake:4:  grunt_snake_rune_pools, layout_onion, uniq_vashnia
Slime:1:  layout_caves, basic_altar
Slime:2:  cheibrodos_slime_lost_civilization_9, layout_caves
Slime:3:  layout_caves
Slime:4:  layout_caves
Slime:5
Orc:1:    layout_caves, serial_shops, nicolae_shop_trees,
          nicolae_orc_sculptors_studio
Orc:2:    st_orc_town, layout_caves, serial_shops, shop,
          nicolae_shop_statue_plus, nicolae_shop_trees, basic_altar,
          uniq_azrael, uniq_rupert
Elf:1:    layout_geoelf_grid, hangedman_elven_crosses_minicolossus,
          columned_hall_lemuel
Elf:2:    layout_onion_city, serial_shops, bzr_entry_gold
Elf:3:    elf_hall, layout_geoelf_grid, minmay_the_grid_2x2
          [minmay_the_grid_broken_lines, minmay_the_grid_mess,
          minmay_the_grid_outer_circle, minmay_the_grid_prize_trominoes]
Vaults:1: v_misc_22, vaults_room_grid, nicolae_vaults_ring_of_whatevers,
          ontoclasm_vaults_bender, vaults_mumra_hex,
          ontoclasm_vaults_claustrophobia, hangedman_vaults_stagger,
          nicolae_vaults_border_crossing, hangedman_vaults_stitches,
          v_alt_pattern_5, layout_vaults_omnibox
Vaults:2: hangedman_vaults_snaps, minmay_crypt_entry_vampire_xt,
          vaults_room_semicircle, grunt_vaults_twisty,
          nicolae_vaults_network_square, v_misc_31, v_misc_22, v_misc_5,
          layout_vaults_big_room, uniq_saint_roka, uniq_mara, uniq_aizul,
          uniq_xtahua
Vaults:3: vaults_room_stairs_pillars, v_misc_4,
          nicolae_vaults_ring_of_whatevers, nicolae_vaults_fighting_squares,
          nicolae_vaults_alarming, nicolae_vaults_mini_display_case,
          layout_vaults_omnigrid, serial_shops, bzr_entry_customers,
          enter_trove_1, uniq_mennas
Vaults:4: gammafunk_vaults_ghost_necromancy, ontoclasm_vaults_eye,
          vaults_dpeg_encased_lava, hangedman_vaults_locks,
          grunt_vaults_bifocal, ontoclasm_vaults_shuriken,
          nicolae_vaults_shelves_hall, vaults_mumra_minichess_inversion,
          v_misc_25, nicolae_vaults_windows_and_doors_thing,
          hangedman_vaults_corner, ontoclasm_vaults_idyll,
          layout_vaults_big_cross, serial_shops, shop
Vaults:5: uniq_bai_suzhen
Crypt:1:  layout_chaotic_city, grunt_megastairs_2
Crypt:2:  layout_gridlike, serial_co_window_serial, co_window_of_opportunity_a,
          co_window_paths_a, co_window_paths_b, co_window_corner_a,
          co_window_paths_b, co_window_paths_a, co_window_of_opportunity_b,
          co_window_unsneaky_path_a, co_window_corner_b, co_window_2corner,
          co_window_broadway_a, co_window_4corner_a, co_window_paths_d,
          glass_columns_a, glass_columns_a, glass_columns_a, glass_columns_a,
          glass_columns_a, minmay_misc_feat_rows
Crypt:3:  cryptofortress_bobbens, uniq_boris
Tomb:1
Tomb:2
Tomb:3
Depths:1: layout_big_octagon, enter_ziggurat_a,
          hangedman_abyss_or_decor_stagger, hellmouth_1, minmay_fire_ice_demons,
          grunt_megastairs_3, uniq_sojobo
Depths:2: wad_cavern_with_rooms, layout_cave_pools, grunt_pan_entry_in_and_out,
          hell_entry, abyss_entry, minmay_holes
Depths:3: minmay_nested_s, layout_gridlike, grunt_hell_entry_demonic_statue,
          pan_entry, nrook_campfire, fountainhead, infiniplex_staircase_pool_2,
          serial_bayou_shore_b
Depths:4: lemuel_river_lethe, hell_entry, abyss_entry
Depths:5: grunt_zot_entry_gee_three, layout_cave_pools, nicolae_benzene_ring,
          grunt_hell_entry_dis_old
Hell
Dis:1:    layout_regular_city
Dis:2:    layout_chaotic_city, grunt_dis_stairs_iron_hall
Dis:4:    layout_gridville
Dis:5:    layout_gridville
Dis:6:    layout_regular_city, hangedman_dis_decor_blocks_talon, lemuel_elevator
Dis:7:    dis_st
Geh:1:    minmay_firetagon, layout_gehenna_lava_caves
Geh:2:    layout_gehenna_pools_box
Geh:3:    layout_gehenna_pools_basic
Geh:4:    layout_gehenna_lava_caves
Geh:5:    layout_gehenna_lava_caves
Geh:6:    layout_gehenna_lava_caves, special_room [special_room_morgue],
          evilmike_ambush [evilmike_ambush_outer_pillars,
          evilmike_ambush_inner_basic]
Geh:7:    geh_grunt
Coc:1:    layout_ice_bergs
Coc:2:    layout_ice_bergs
Coc:3:    layout_cocytus_water_paths
Coc:4:    layout_ice_bergs
Coc:5:    layout_ice_bergs
Coc:6:    layout_ice_bergs
Coc:7:    coc_grunt_cove [coc_grunt_cove_antaeus, coc_grunt_cove_fiend,
          coc_grunt_cove_fiend, coc_grunt_cove_fiend, coc_grunt_cove_fiend]
Tar:1:    layout_honeycomb, nicolae_tar_cuneiform_sun
Tar:2:    layout_grid_maze, nicolae_tar_cuneiform_two
Tar:3:    layout_grid_maze, nicolae_tar_cuneiform_not, nicolae_tar_cuneiform_two
Tar:4:    layout_grid_maze
Tar:5:    layout_grid_maze
Tar:6:    layout_grid_maze
Tar:7:    tar_old
Zot:1:    layout_cellular_growth
Zot:2:    layout_gridville
Zot:3:    layout_cathedral_of_symmetry, hangedman_elemental_grid_stream
Zot:4:    layout_twisted_circle, hangedman_zot_gyre
Zot:5:    layout_concentric_octagons, skrybe_zot_glass_1

Skill      XL: |  1  2  3  4  5  6  7  8  9 10 11 12 13 14 15 16 17 18 19 20 21 22 23 24 25 26 27 |
---------------+----------------------------------------------------------------------------------+-----
Earth Magic    | 4 5 6 7 8 10 11 12 13 14 15 16 17 18 19 20 27 | 27.0
Dodging        | 2 3 4 5 6 7 27 | 27.0
Spellcasting   | 3 4 5 6 7 9 10 11 12 14 15 16 17 18 19 20 21 22 23 24 25 27 | 27.0
Fighting       | 1 2 3 4 5 6 27 | 27.0
Conjurations   | 1 3 5 6 7 8 9 10 11 12 13 14 20 | 20.8
Shields        | 2 3 4 27 | 27.0
Ice Magic      | 1 4 6 9 11 13 14 16 18 19 20 21 22 27 | 27.0
Armour         | 1 2 3 4 15 | 15.5
Long Blades    | 6 9 11 12 | 12.0
Fire Magic     | 27 | 27.0
Charms         | 1 |  1.8
Hexes          | 1 |  1.2
Staves         | 9 |  9.0
Stealth        | |  2.1
Transmutations | |  0.7

Action                   |  1- 3 |  4- 6 |  7- 9 | 10-12 | 13-15 | 16-18 | 19-21 | 22-24 | 25-27 || total
-------------------------+-------+-------+-------+-------+-------+-------+-------+-------+-------++-------
Melee: Dagger            |    70 |    33 |    73 |   436 |       |       |       |       |       ||   612
       Unarmed           |       |     7 |       |       |       |       |       |       |       ||     7
       Staff             |       |       |       |     2 |    20 |     4 |    18 |     8 |   230 ||   282
       Demon trident     |       |       |       |       |       |       |    13 |       |       ||    13
       Eudemon blade     |       |       |       |       |       |       |     7 |   489 |  6717 ||  7213
       Mace              |       |       |       |       |       |       |       |     8 |    78 ||    86
       Hand axe          |       |       |       |       |       |       |       |       |    87 ||    87
 Cast: Sandblast         |    14 |    61 |    63 |   100 |   155 |   107 |    92 |    17 |   150 ||   759
       Stone Arrow       |     3 |    12 |    96 |   204 |   197 |   187 |   148 |    72 |   148 ||  1067
       Lee's Rapid Decon |       |       |     1 |     8 |     7 |       |    12 |    63 |    37 ||   128
       Frozen Ramparts   |       |       |       |    13 |    14 |     8 |    12 |     6 |    14 ||    67
       Iron Shot         |       |       |       |     5 |    66 |    12 |   140 |   234 |   447 ||   904
       Ozocubu's Refrige |       |       |       |     5 |   154 |   329 |   318 |   213 |   889 ||  1908
       Absolute Zero     |       |       |       |       |       |       |     1 |    51 |  1420 ||  1472
       Ignition          |       |       |       |       |       |       |       |       |   191 ||   191
       Shatter           |       |       |       |       |       |       |       |       |    71 ||    71
       Spectral Weapon   |       |       |       |       |       |       |       |       |    48 ||    48
 Abil: Fly               |       |       |       |       |     1 |       |       |       |       ||     1
Evoke: Wand              |       |       |       |       |       |       |       |     1 |     2 ||     3
  Use: Scroll            |     1 |     5 |     5 |     8 |    20 |     3 |     5 |    17 |    66 ||   130
       Potion            |       |       |       |       |     1 |       |     1 |     1 |    17 ||    20
 Stab: Sleeping          |     2 |     2 |       |       |       |       |       |       |     4 ||     8
       Invisible         |       |       |       |       |       |       |       |     1 |       ||     1
       Distracted        |       |       |       |       |       |       |       |       |    12 ||    12
       Petrifying        |       |       |       |       |       |       |       |       |     1 ||     1
  Eat: Chunk             |     4 |     7 |    18 |    19 |    44 |    42 |    32 |    32 |    87 ||   285
       Ration            |       |       |       |     3 |     1 |     5 |     4 |     8 |    98 ||   119
Armor: Robe              |    24 |    22 |    48 |   127 |    28 |       |       |       |       ||   249
       Leather armour    |       |       |       |       |    25 |    95 |   133 |   273 |  1151 ||  1677
       Troll leather arm |       |       |       |       |       |       |       |       |   211 ||   211
       Animal skin       |       |       |       |       |       |       |       |       |    74 ||    74
Dodge: Dodged            |    47 |    38 |    79 |   215 |   140 |   118 |   119 |   322 |  2543 ||  3621
Block: Buckler           |       |       |     7 |    73 |    55 |   111 |   132 |   259 |  1087 ||  1724
       Reflection        |       |       |       |       |     2 |    42 |    45 |    15 |   151 ||   255
       Tower shield      |       |       |       |       |       |       |       |       |  3283 ||  3283
       Kite shield       |       |       |       |       |       |       |       |       |  1764 ||  1764
       Rpst.: Eudemon blade |       |       |       |       |       |       |       |    64 |   366 ||   430
